Workbook
Name Battery_Storage: 'Dev Notes'!$B$19:$B$25
Name Biomass: 'Dev Notes'!$B$65:$B$66
Name Fuel_Cell: 'Dev Notes'!$B$49:$B$50
Name Geothermal: 'Dev Notes'!$B$69:$B$70
Name Hydro: 'Dev Notes'!$B$45:$B$46
Name ITC_Only: 'Dev Notes'!$G$51
Name ITC_PTC: 'Dev Notes'!$H$51:$H$52
Name Methane_from_Waste: 'Dev Notes'!$B$53:$B$54
Name Ocean: 'Dev Notes'!$B$73:$B$74
Name PJM_Zones: 'Dev Notes'!$G$19:$G$39
Name Poultry_Litter_to_Energy: 'Dev Notes'!$B$61:$B$62
Name Solar_PV: 'Dev Notes'!$B$29:$B$35
Name Solar_Thermal: 'Dev Notes'!$B$77:$B$78
Name Wastewater_to_Heat: 'Dev Notes'!$B$57:$B$58
Name Wind: 'Dev Notes'!$B$39:$B$41

Sheet Instructions
A3: USER INSTRUCTIONS
A4: This cash flow model is for FY27 Megawatts for Maryland applications. This calculator is designed for use in Microsoft Excel desktop application. The model has one tab for user inputs. Guidance on its use is provided below. The other tabs are auto-calculated or for reference only. Questions? Write to MEA at grid.mea@maryland.gov
C6: 'USER INPUTS' TAB
C7: Project Identification
A8: Section | B8: Field Type | C8: Description
A9: MEA Assigned Application ID | B9: Alphanumeric input | C9: Provide the Application ID assigned to the project by MEA in Stage 1 of the application.
A10: Descriptive Title of Project | B10: Text input | C10: Enter the descriptive name of the proposed project.
A11: Project Type Seeking Auction Funding | B11: Dropdown selection | C11: Select the project type for which auction funding is being sought.
A12: Commercial Operation Date (COD) Year | B12: Numerical input | C12: Enter the calendar year in which the project is expected to begin commercial operations.
A13: PJM Transmission Zone | B13: Dropdown selection | C13: Select the PJM transmission zone associated with the project's point of interconnection from the dropdown list. Select the applicable zone abbreviation (e.g., BGE, PEPCO, APS, or DPL).
C14: Project Selection and Schedule
C15: For the Tier 1 RE project or Storage project
A16: Technology Type | B16: Dropdown selection | C16: Select the technology type associated with the Tier 1 RE or storage project.
A17: Technology Subtype | B17: Dropdown selection | C17: Select the technology subtype associated with the Tier 1 RE or storage project. If the technology subtype is not listed, select Other and complete the applicable custom technology fields.
A18: Nameplate Capacity (MWac) | B18: Numerical input | C18: Enter the planned capacity of the system in units of Megawatt-AC (alternating current). The user should use MWth for technologies providing primarily a thermal output — wastewater-to-heat and geothermal.
A19: First-year Delivery to Grid (MWh) | B19: Numerical input | C19: Enter the estimated first-year energy delivered to the grid (MWh), before accounting for annual system degradation.
A20: System Degradation Rate (%/year) | B20: Autopopulated field | C20: Automatically displays the annual degradation rate based on the selected technology. For 'Other', the value must be entered manually into the additional field that appears.
A21: System Lifetime (years) | B21: Autopopulated field | C21: Displays the associated system lifetime value for the selected technology type automatically, based on assumptions built into the template. For 'Other', the value must be entered manually into the additional field that appears.
A22: Lifetime Delivery to Grid (MWh) | B22: Auto-populated field | C22: Calculates estimated lifetime energy delivery using first-year delivery, annual degradation rate, and system lifetime.
C23: For the Tier 1 RE project or Storage project, Technology Subtype 'Other' Only
A24: Custom Technology Name | B24: Text input | C24: Enter the name of the Tier 1 Renewable or Storage Technology subtype planned for deployment. This field should be used only if none of the standard technology subtypes built into the template match the planned project.
A25: Custom Technology Lifetime (years) | B25: Numerical input | C25: Enter the expected lifetime of the custom technology in years. Supporting documentation must be provided to substantiate this value.
A26: Custom Technology Degradation Rate (%/year) | B26: Numerical input | C26: Enter the expected annual rate of degradation of the technology as a percentage value per year. Supporting documentation must be provided to substantiate this value.
C27: For Co-located Storage only
A28: Battery Technology | B28: Dropdown input | C28: Select the co-located battery technology from the available options. If Other is selected, provide the applicable custom battery technology information.
A29: Other Battery Technology Name | B29: Text input | C29: If Other is selected as the co-located battery technology, enter the name of the proposed battery technology.
A30: Battery Capacity (MW) | B30: Numerical input | C30: Enter the capacity of the co-located battery system in terms of megawatts
A31: Battery First-year Dispatch to Grid (MWh) | B31: Numerical input | C31: Enter the annual energy delivered to the grid in terms of megawatt-hours
A32: Other Battery Technology Lifetime (years) | B32: Numerical input | C32: Enter the expected operating lifetime of the custom co-located battery technology in years. Required when Other is selected.
A33: Other Battery Technology Degradation Rate (%/year) | B33: Numerical input | C33: Enter the expected annual degradation rate of the custom co-located battery technology as a percentage. Required when Other is selected.
A34: Lifetime Dispatch to Grid (MWh) | B34: Auto-populated field | C34: Calculates lifetime energy dispatched from the co-located battery system using annual dispatch, system lifetime, and degradation rate. Uses reference values for listed technologies and custom inputs when Other is selected.
C35: Total Lifetime Delivery to Grid From Project
A36: Project Lifetime Delivery to Grid (MWh) | B36: Auto-calculated field | C36: Calculates total project lifetime delivery. For Tier 1 RE and Storage, uses primary system lifetime delivery only. For Tier 1 RE + Storage, combines primary system lifetime delivery and co-located battery lifetime dispatch.
C37: Tier 1 RE - RESOURCE & PERFORMANCE
A38: DC/AC Ratio (ILR) | B38: Autopopulated field | C38: Automatically displays the DC capacity to AC capacity, where applicable. This is primarily relevant to solar PV projects.
A39: Thermal Energy Output Factor (MWhth/MW-year) | B39: Numerical input | C39: Enter the expected annual thermal energy output per MW of installed capacity, where applicable. This is only applicable for technologies with a potential thermal component — geothermal, biomass, solar thermal, methane-from-waste, fuel cell, wastewater-to-heat, and poultry litter-to-energy.
A40: Heat / Thermal Sale Price ($/MWhth) | B40: Numerical input | C40: Enter the expected selling price per MWh of thermal energy produced, where applicable. This is only applicable for technologies with a potential thermal component — geothermal, biomass, solar thermal, methane-from-waste, fuel cell, wastewater-to-heat, and poultry litter-to-energy.
A41: Thermal Sale Escalation (%) | B41: Numerical input | C41: Enter the assumed annual percentage increase in thermal energy sale prices, where applicable. This is only applicable for technologies with a potential thermal component — geothermal, biomass, solar thermal, methane-from-waste, fuel cell, wastewater-to-heat, and poultry litter-to-energy.
A42: Fuel / Feedstock Input per MWh | B42: Numerical input | C42: Enter the quantity of fuel or feedstock required to produce one MWh of energy, where applicable. This is only applicable for technologies using fuel — geothermal (electricity for heat pumps), biomass, fuel cell, and methane-from-waste.
A43: Fuel / Feedstock Price ($/unit) | B43: Numerical input | C43: Enter the expected cost per unit of fuel or feedstock used by the project, where applicable. This is only applicable for technologies using fuel — geothermal (electricity for heat pumps), biomass, fuel cell, and methane-from-waste.
A44: Fuel Cost Escalation (%) | B44: Numerical input | C44: Enter the assumed annual percentage increase in fuel or feedstock costs, where applicable. This is only applicable for technologies using fuel — geothermal (electricity for heat pumps), biomass, fuel cell, and methane-from-waste.
A45: Waste Tipping / Disposal Revenue ($/MWh) | B45: Numerical input | C45: Enter the expected waste tipping or disposal revenue earned per MWh of energy generated, where applicable. This is only applicable for technologies taking waste as fuel — poultry litter to energy and, possibly, methane from waste.
A46: Other Technology Revenue Year 1 ($/year) | B46: Numerical input | C46: Enter any additional annual revenue expected in the first operating year that is not captured in the other revenue categories.
A47: Other Revenue Escalation (%) | B47: Numerical input | C47: Enter the assumed annual percentage increase in other technology revenues, where applicable.
C48: Tier 1 RE — Energy, Rec, and Capacity Revenues
A49: PPA Price ($/MWh) | B49: Numerical input | C49: Enter the contracted electricity sales price per MWh under the project's power purchase agreement (PPA), where applicable. Should the applicant have multiple PPAs, the applicant should use a weighted-average PPA price. The applicant should estimate PPA pricing and amounts if PPAs have not been yet signed.
A50: PPA Price Escalation (%) | B50: Numerical input | C50: Enter the expected annual percentage increase in the PPA electricity price. Escalation begins in Year 2, with Year 1 using the initial PPA price. Enter 0% if the price remains fixed.
A51: Merchant Energy Price ($/MWh) | B51: Numerical input | C51: Enter the expected electricity sales price for energy sold outside a PPA. This should be based on the best estimate available to the user.
A52: Merchant Energy Price Escalation (%) | B52: Autopopulated field | C52: Displays the assumption for annual percentage increase in the merchant electricity sales price.
A53: PPA / Merchant Energy Sales Allocation Schedule | B53: Numerical input | C53: Enter the starting year and percentage of annual electricity generation (MWh) expected to be sold under a PPA for each period. The ending year is determined automatically, and the remaining generation is allocated to merchant sales. Starting years must fall within the project lifetime.
A54: REC Price ($/MWh) | B54: Numerical input | C54: Enter the expected price per renewable energy certificate (REC), where applicable.
A55: REC Price Escalation (%) | B55: Numerical input | C55: Enter the assumed annual percentage increase in REC prices.
A56: Capacity Price ($/MW-day) | B56: Numerical input | C56: Enter the expected daily capacity revenue per MW of eligible generation capacity, where applicable.
A57: Capacity Price Escalation (%) | B57: Numerical input | C57: Enter the assumed annual percentage increase in capacity revenue rates.
A58: ELCC Factor (Tracking Solar) (%) | B58: Numerical input | C58: Enter the assumed effective load carrying capability (ELCC) factor used to estimate the qualifying capacity of tracking solar generation, where applicable. This should be the most recent PJM published ELCC. This is a simplification that ignores the potential of PJM ELCC changing over time.
C59: Battery Storage — Capacity, Operations & Revenues
A60: Annual Capacity Degradation (%) | B60: Autopopulated field | C60: Automatically displays the annual storage capacity degradation rate based on the selected storage technology. If Other is selected, enter the rate in the Other Battery Technology Degradation Rate field. No direct entry is required here.
A61: Battery Technology Lifetime (years) | B61: Autopopulated field | C61: Automatically displays the lifetime based on the selected storage technology. If Other is selected, enter the lifetime in the Other Battery Technology Lifetime field. No direct entry is required here.
A62: Duration (hours) | B62: Numerical input | C62: Enter the number of hours the battery can discharge at its rated power capacity.
A63: ELCC Factor (4-hr Storage) (%) | B63: Numerical input | C63: Enter the assumed effective load carrying capability (ELCC) factor used to estimate the storage system's qualifying capacity.
A64: Energy Arbitrage Revenue (Year 1) ($/MW-year) | B64: Numerical input | C64: Enter the expected annual revenue per MW of battery power capacity from purchasing or charging during lower-price periods and discharging during higher-price periods.
A65: Arbitrage Escalation/Decline (%) | B65: Numerical input | C65: Enter the assumed annual percentage increase or decrease in energy arbitrage revenue. Use a negative value to represent a decline.
A66: Ancillary Services Revenue (Year 1) ($/kW-month) | B66: Numerical input | C66: Enter the expected monthly revenue per kW of battery power capacity from providing ancillary grid services.
A67: Ancillary Escalation (%) | B67: Numerical input | C67: Enter the assumed annual percentage increase in ancillary services revenue rates.
A68: Augmentation Enabled | B68: Dropdown selection | C68: Select whether battery augmentation or capacity restoration is planned during the project lifetime.
A69: Augmentation Interval (years) | B69: Numerical input | C69: Enter the number of years between planned battery augmentation events, where applicable.
A70: Augmentation Cost ($/kWh) | B70: Numerical input | C70: Enter the estimated cost of battery augmentation per kWh of storage energy capacity, where applicable.
C71: Finances
A72: Generation CapEx (Overnight) ($/Wac) | B72: Numerical input | C72: Enter the total overnight capital cost of the generation system per watt of installed AC capacity. Enter $/MWth for technologies providing primarily thermal energy — wastewater to heat and geothermal.
A73: Storage CapEx ($/kWh) | B73: Numerical input | C73: Enter the capital cost of the battery storage system per kWh of installed energy capacity.
A74: Fixed O&M (Year 1) — Generation ($/kW-year) | B74: Numerical input | C74: Enter the expected first-year annual fixed operating and maintenance cost per kW of installed generation capacity. This would be ($/kw-year) of thermal energy for geothermal and wastewater to heat.
A75: Variable O&M ($/MWh) | B75: Numerical input | C75: Enter the operating and maintenance cost per MWh of electricity generated. This would be MWhth of thermal energy for geothermal and wastewater to heat.
A76: Fixed O&M (Year 1) — Storage ($/kW-year) | B76: Numerical input | C76: Enter the expected first-year annual fixed operating and maintenance cost per kW of installed storage power capacity.
A77: Variable O&M — Storage ($/MWh discharged) | B77: Numerical input | C77: Enter the operating and maintenance cost per MWh of electricity discharged from storage.
A78: O&M Escalation Rate (%) | B78: Numerical input | C78: Enter the assumed annual percentage increase in applicable generation and storage operating and maintenance costs.
A79: Inflation Rate (fixed) | B79: Autopopulated field | C79: Automatically displays the assumed annual inflation rate used to escalate applicable project costs and financial assumptions over the project lifetime. No applicant entry is required.
A80: Land Lease (included in Fixed O&M) | B80: Dropdown selection | C80: Select Yes if land lease costs are already included in fixed O&M; otherwise, select No and enter any additional annual land lease expense separately.
A81: Additional Annual Land Lease ($/year) | B81: Numerical input | C81: Enter the annual land lease expense not already included in fixed O&M, where applicable.
A82: Additional / Technology-specific CapEx ($) | B82: Numerical input | C82: Enter any additional one-time project capital costs not included in the generation or storage CapEx assumptions.
A83: Eligible for IRA Tax Credit? | B83: Dropdown selection | C83: Select one of three options: (1) Select "Yes — Generation and/or Storage" if federal tax credits are being claimed for the generation and/or storage components. (2) Select "Storage Only" if ITC is being claimed for storage only, and no generation tax credit is being claimed. (3) Select "No" if the project is not claiming either credit.
... A99: Lifetime MWh Delivered | B99: Auto-calculated field | C99: Automatically displays the lifetime energy delivered based on the lifetime delivery to grid by the Tier 1 generation and the lifetime dispatch to grid by the co-located storage (as applicable).
C100: Calculated Parameters
A101: Nameplate Capacity (DC) (MW) | B101: Auto-calculated field | C101: Automatically calculates the generation system's installed DC capacity based on the applicable capacity assumptions.
A102: Storage Power Capacity (MW) | B102: Auto-calculated field | C102: Automatically displays the battery storage system's rated power capacity.
A103: Energy Capacity (MWh) | B103: Auto-calculated field | C103: Automatically calculates the battery storage system's energy capacity based on its power capacity and discharge duration.
A104: Generation Total CapEx ($) | B104: Auto-calculated field | C104: Automatically calculates total generation capital expenditure based on installed AC generation capacity and the generation CapEx rate. No applicant entry is required.
A105: Storage Total CapEx ($) | B105: Auto-calculated field | C105: Automatically calculates the total battery storage capital expenditure based on installed energy capacity and storage capital costs.
A106: Total CapEx ($) | B106: Auto-calculated field | C106: Automatically calculates the project's total capital expenditures, including applicable generation, storage, and additional capital costs.
A107: ITC Amount ($) | B107: Auto-calculated field | C107: Automatically calculates the applicable investment tax credit amount based on the selected tax credit assumptions.
A108: Depreciable Basis ($) | B108: Auto-calculated field | C108: Automatically calculates the project's depreciable basis by subtracting the applicable ITC-related basis reduction from total capital expenditures. No applicant entry is required.
A109: Debt Amount ($) | B109: Auto-calculated field | C109: Automatically calculates the portion of total project capital expenditures financed through debt.
A110: Equity Contribution ($) | B110: Auto-calculated field | C110: Automatically calculates the portion of total project capital expenditures funded through equity.
A111: Combined Tax Rate (%) | B111: Auto-calculated field | C111: Automatically calculates the combined effective federal and state income tax rate used in the financial model.
A112: Year-1 Generation (MWh) | B112: Auto-calculated field | C112: Automatically calculates first-year electricity generation based on the project's first-year delivery to grid (MWh). Battery discharge is excluded. No applicant entry is required.
C114: CASH FLOW TAB
C115: This tab is autocalculated
C117: SUMMARY TAB
C118: This tab is autocalculated
C120: DEPRECIATION SCHEDULE TAB
C121: This tab is autocalculated

Sheet User Inputs
A3: USER INPUTS Enter project information in the cells highlighted in yellow. Cells with a gray background contain built-in or auto-calculated values. *Fields marked with an asterisk are required.
A4: PROJECT INFORMATION
A5: PROJECT IDENTIFICATION
A6: Enter the MEA-assigned application ID and project name as provided in the grant application.
A8: MEA Assigned Application ID* | C8: Descriptive Title of Project* | E8: Project Type Seeking Auction Funding* | G8: Commercial Operation Date (COD) Year*
A10: PJM Transmission Zone*
A12: PROJECT SELECTION AND SCHEDULE
A13: Select the project type and applicable technologies, and enter the required project-specific information and custom technology assumptions, where applicable.
A15: =IF($F$8="","",IF($F$8="Tier 1 RE + Storage","For the Tier 1 RE project","For the "&$F$8&" project"))
A17: Technology Type* | C17: Technology Subtype* | E17: =IF(OR($F$8="",$B$17=""),"",IF(OR(AND(OR($F$8="Tier 1 RE",$F$8="Tier 1 RE + Storage"),$B$17="Battery Storage"),AND($F$8="Storage",$B$17<>"Battery Storage")),"⚠ Technology type in B17 does not match the project type selected in F8.",IF($D$17="","",IFERROR(IF(COUNTIF(INDIRECT(SUBSTITUTE(SUBSTITUTE($B$17," ","_"),"-","_")),$D$17)=0,"⚠ Select an applicable technology subtype in cell D17 from the dropdown menu.",""),""))))
A19: Nameplate Capacity (MWac)* | C19: First-year Delivery to Grid (MWh)* | E19: System Lifetime (years)* | F19: {=IF(OR($B$17="",$D$17="", AND($F$8="Storage",$B$17<>"Battery Storage"), AND(OR($F$8="Tier 1 RE",$F$8="TIER 1 RE + Storage"),$B$17="Battery Storage"), NOT(OR($F$8="Storage",$F$8="Tier 1 RE",$F$8="TIER 1 RE + Storage"))),"", IF(IFERROR(COUNTIF(INDIRECT(SUBSTITUTE(SUBSTITUTE($B$17," ","_"),"-","_")),$D$17),0)=0,"", IF($D$17="Other",IF($D$23="","",$D$23), IFERROR(_xlfn.SWITCH($B$17, "Battery Storage",_xlfn.XLOOKUP($D$17,'Dev Notes'!$B$19:$B$25,'Dev Notes'!$C$19:$C$25,NA()), "Solar PV",_xlfn.XLOOKUP($D$17,'Dev Notes'!$B$29:$B$35,'Dev Notes'!$C$29:$C$35,NA()), "Wind",_xlfn.XLOOKUP($D$17,'Dev Notes'!$B$39:$B$41,'Dev Notes'!$C$39:$C$41,NA()), "Hydro",_xlfn.XLOOKUP($D$17,'Dev Notes'!$B$45:$B$46,'Dev Notes'!$C$45:$C$46,NA()), "Fuel Cell",_xlfn.XLOOKUP($D$17,'Dev Notes'!$B$49:$B$50,'Dev Notes'!$C$49:$C$50,NA()), "Methane-from-Waste",_xlfn.XLOOKUP($D$17,'Dev Notes'!$B$53:$B$54,'Dev Notes'!$C$53:$C$54,NA()), "Wastewater-to-Heat",_xlfn.XLOOKUP($D$17,'Dev Notes'!$B$57:$B$58,'Dev Notes'!$C$57:$C$58,NA()), "Poultry Litter-to-Energy",_xlfn.XLOOKUP($D$17,'Dev Notes'!$B$61:$B$62,'Dev Notes'!$C$61:$C$62,NA()), "Biomass",_xlfn.XLOOKUP($D$17,'Dev Notes'!$B$65:$B$66,'Dev Notes'!$C$65:$C$66,NA()), "Geothermal",_xlfn.XLOOKUP($D$17,'Dev Notes'!$B$69:$B$70,'Dev Notes'!$C$69:$C$70,NA()), "Ocean",_xlfn.XLOOKUP($D$17,'Dev Notes'!$B$73:$B$74,'Dev Notes'!$C$73:$C$74,NA()), "Solar Thermal",_xlfn.XLOOKUP($D$17,'Dev Notes'!$B$77:$B$78,'Dev Notes'!$C$77:$C$78,NA()), NA()),""))))} | G19: System Degradation Rate (%/year)* | H19: {=IF(OR($B$17="",$D$17="", AND($F$8="Storage",$B$17<>"Battery Storage"), AND(OR($F$8="Tier 1 RE",$F$8="TIER 1 RE + Storage"),$B$17="Battery Storage"), NOT(OR($F$8="Storage",$F$8="Tier 1 RE",$F$8="TIER 1 RE + Storage"))),"", IF(IFERROR(COUNTIF(INDIRECT(SUBSTITUTE(SUBSTITUTE($B$17," ","_"),"-","_")),$D$17),0)=0,"", IF($D$17="Other",IF($F$23="","",$F$23), IFERROR(_xlfn.SWITCH($B$17, "Battery Storage",_xlfn.XLOOKUP($D$17,'Dev Notes'!$B$19:$B$24,'Dev Notes'!$D$19:$D$24,NA()), "Solar PV",_xlfn.XLOOKUP($D$17,'Dev Notes'!$B$29:$B$34,'Dev Notes'!$D$29:$D$34,NA()), "Wind",_xlfn.XLOOKUP($D$17,'Dev Notes'!$B$39:$B$40,'Dev Notes'!$D$39:$D$40,NA()), "Hydro",IF($D$17='Dev Notes'!$B$45,'Dev Notes'!$D$45,NA()), "Fuel Cell",IF($D$17='Dev Notes'!$B$49,'Dev Notes'!$D$49,NA()), "Methane-from-Waste",IF($D$17='Dev Notes'!$B$53,'Dev Notes'!$D$53,NA()), "Wastewater-to-Heat",IF($D$17='Dev Notes'!$B$57,'Dev Notes'!$D$57,NA()), "Poultry Litter-to-Energy",IF($D$17='Dev Notes'!$B$61,'Dev Notes'!$D$61,NA()), "Biomass",IF($D$17='Dev Notes'!$B$65,'Dev Notes'!$D$65,NA()), "Geothermal",IF($D$17='Dev Notes'!$B$69,'Dev Notes'!$D$69,NA()), "Ocean",IF($D$17='Dev Notes'!$B$73,'Dev Notes'!$D$73,NA()), "Solar Thermal",IF($D$17='Dev Notes'!$B$77,'Dev Notes'!$D$77,NA()), NA()),""))))}
A21: =IF($F$8="","",IF($F$8="Tier 1 RE + Storage","For the Tier 1 RE project, Technology Subtype 'Other' Only","For the "&$F$8&" project, Technology Subtype 'Other' Only"))
A23: Custom Technology Name* | C23: Custom Technology Lifetime (years)* | E23: Custom Technology Degradation Rate (%/year)* | G23: Lifetime Delivery to Grid (MWh) | H23: =IFERROR(_xlfn.LET( _xlpm.Life,$F$19, _xlpm.AnnualGen,$D$19, _xlpm.Rate,$H$19, IF(OR( NOT(ISNUMBER(_xlpm.Life)), NOT(ISNUMBER(_xlpm.AnnualGen)), NOT(ISNUMBER(_xlpm.Rate)) ),"", IF(OR( _xlpm.Life<=0, _xlpm.AnnualGen<=0, _xlpm.Rate<0, _xlpm.Rate>=1 ),"", IF(_xlpm.Rate=0, _xlpm.AnnualGen*_xlpm.Life, _xlpm.AnnualGen*(1-(1-_xlpm.Rate)^_xlpm.Life)/_xlpm.Rate ))) ),"")
A25: =IF($F$8="Tier 1 RE + Storage","For Co-located Storage Only",IF(OR($F$8="Tier 1 RE",$F$8="Storage"),"Scroll Below for Project Bid",""))
A27: Battery Technology*
A29: Battery Technology Lifetime (years)* | B29: =IF(OR($B$27="",$B$27="Other"),"",IFERROR(_xlfn.XLOOKUP($B$27,'Dev Notes'!$B$19:$B$24,'Dev Notes'!$C$19:$C$24),"")) | C29: Battery Technology Degradation Rate (%/year)* | D29: =IF(OR($B$27="",$B$27="Other"),"",IFERROR(_xlfn.XLOOKUP($B$27,'Dev Notes'!$B$19:$B$24,'Dev Notes'!$D$19:$D$24),"")) | E29: Battery Capacity (MW)* | G29: Battery First-year Dispatch to Grid (MWh)*
A31: Other Battery Technology Name* | C31: Other Battery Technology Lifetime (years)* | E31: Other Battery Technology Degradation Rate (%/year)* | G31: Lifetime Dispatch to Grid (MWh) | H31: =IF($F$8<>"Tier 1 RE + Storage","",IF(OR($B$27="",$H$29=""),"",IFERROR(_xlfn.LET(_xlpm.Lifetime,IF($B$27="Other",$D$31,$B$29),_xlpm.Degradation,IF($B$27="Other",$F$31,$D$29),IF(OR(_xlpm.Lifetime="",_xlpm.Degradation=""),"",IF(_xlpm.Degradation=0,$H$29*_xlpm.Lifetime,$H$29*(1-(1-_xlpm.Degradation)^_xlpm.Lifetime)/_xlpm.Degradation))),"")))
A33: Total Lifetime Delivery to Grid From Project
G35: Project Lifetime Delivery to Grid (MWh) | H35: =IF($F$8="","", IF($F$8="TIER 1 RE + Storage", IF(OR($H$23="",$H$31=""),"",SUM($H$23,$H$31)), IF(OR($F$8="Tier 1 RE",$F$8="Storage"),$H$23,"")))
A37: TIER 1 RE
A38: RESOURCE & PERFORMANCE
A39: Enter the applicable TIER 1 RE capacity and resource performance assumptions. Technology-specific degradation rates are automatically populated based on the selected technology, with applicant-provided rates required where reference values are unavailable.
A41: DC/AC Ratio (ILR) | B41: 1.3 | C41: Thermal Energy Output Factor (MWhth/MW-year)* | E41: Heat / Thermal Sale Price ($/MWhth)* | G41: Thermal Sale Escalation (%)*
A43: Fuel / Feedstock Input per MWh* | C43: Fuel / Feedstock Price ($/unit)* | E43: Fuel Cost Escalation (%)* | G43: Waste Tipping / Disposal Revenue ($/MWh)*
A45: Other Technology Revenue Year 1 ($/year)* | C45: Other Revenue Escalation (%)*
A47: ENERGY, REC & CAPACITY REVENUES
A48: Enter electricity sales prices, PPA and merchant allocation periods, renewable energy certificate (REC) prices, and capacity revenue assumptions.
A50: PPA Price ($/MWh)* | C50: PPA Price Escalation (%)* | E50: Merchant Energy Price ($/MWh)* | G50: Merchant Energy Price Escalation (%) | H50: 0.02
A52: PPA / MERCHANT ENERGY SALES ALLOCATION SCHEDULE
A53: Enter the starting year and percentage of annual electricity generation (MWh) expected to be sold under a PPA for each period. The remaining generation is assumed to be sold at merchant prices. The ending year is calculated automatically. Starting years must be within the project lifetime.
A54: Starting Year* | C54: Ending Year | E54: PPA Energy%* | G54: Merchant%
C55: =IF(A55="","",IF(A56<>"",A56-1,$F$19)) | G55: =IF($E55="","",1-$E55)
C56: =IF(A56="","",IF(A57<>"",A57-1,$F$19)) | G56: =IF($E56="","",1-$E56)
C57: =IF(A57="","",IF(A58<>"",A58-1,$F$19)) | G57: =IF($E57="","",1-$E57)
C58: =IF(A58="","",IF(A59<>"",A59-1,$F$19)) | G58: =IF($E58="","",1-$E58)
C59: =IF(A59="","",IF(A60<>"",A60-1,$F$19)) | G59: =IF($E59="","",1-$E59)
C60: =IF(A60="","",IF(A61<>"",A61-1,$F$19)) | G60: =IF($E60="","",1-$E60)
C61: =IF(A61="","",IF(A62<>"",A62-1,$F$19)) | G61: =IF($E61="","",1-$E61)
C62: =IF(A62="","",IF(A63<>"",A63-1,$F$19)) | G62: =IF($E62="","",1-$E62)
C63: =IF(A63="","",IF(A64<>"",A64-1,$F$19)) | G63: =IF($E63="","",1-$E63)
C64: =IF(A64="","",$F$19) | G64: =IF($E64="","",1-$E64)
A66: REC Price ($/MWh)* | C66: REC Escalation (%)* | E66: Capacity Price ($/MW-day)* | G66: Capacity Price Escalation (%)*
G68: ELCC Factor (Tracking Solar) (%)* | H68: 0.12
A70: BATTERY STORAGE
A71: CAPACITY, OPERATIONS & REVENUES
A72: Enter the applicable battery storage capacity, duration, annual energy dispatch, revenue assumptions, and augmentation parameters. The storage degradation rate is automatically populated based on the selected technology.
A74: Annual Capacity Degradation (%) | B74: =IF($F$8="","", IF($F$8="Tier 1 RE",0, IF($F$8="Storage",$H$19, IF($F$8="Tier 1 RE + Storage", IF($B$27="","", IF($B$27="Other", IF($F$31="","",$F$31), IFERROR(_xlfn.XLOOKUP($B$27, 'Dev Notes'!$B$19:$B$24, 'Dev Notes'!$D$19:$D$24),""))), "")))) | C74: Battery Technology Lifetime (years) | D74: =IF($F$8="Tier 1 RE",0, IF($F$8="Storage", IF(ISNUMBER($F$19),$F$19,""), IF($F$8="TIER 1 RE + Storage", IF($B$27="","", IF($B$27="Other", IF(AND(ISNUMBER($D$31),$D$31>0),$D$31,""), IFERROR(_xlfn.XLOOKUP($B$27,'Dev Notes'!$B$19:$B$24,'Dev Notes'!$C$19:$C$24),""))), ""))) | E74: Duration (hours)* | G74: ELCC Factor (4-hr Storage) (%)*
A76: Energy Arbitrage Revenue (Year 1) ($/MW-year)* | C76: Arbitrage Escalation/Decline (%)* | E76: Ancillary Services Revenue (Year 1) ($/kW-month)* | G76: Ancillary Escalation (%)*
A78: Augmentation Enabled* | C78: Augmentation Interval (years)* | E78: Augmentation Cost ($/kWh)*
A80: FINANCES
A81: CAPITAL EXPENDITURE & OPERATING COSTS
A82: Enter generation and storage capital costs, fixed and variable operating expenses, escalation rates, and any additional project-specific costs.
A84: Generation CapEx (Overnight) ($/Wac)* | C84: Storage CapEx ($/kWh)* | E84: Fixed O&M (Year 1) — Generation ($/kW-year)* | G84: Variable O&M ($/MWh)*
A86: Fixed O&M (Year 1) — Storage ($/kW-year)* | C86: Variable O&M — Storage ($/MWh discharged)* | E86: O&M Escalation Rate (%)* | G86: Inflation Rate (fixed) | H86: 0.02
A88: Land Lease (included in Fixed O&M)* | C88: Additional Annual Land Lease ($/year)* | E88: Additional / Technology-specific CapEx ($)*
A90: TAXES, DEPRECIATION & FINANCING
A91: Enter applicable tax credit assumptions, tax rates, depreciation method, and debt financing terms.
A93: Eligible for IRA Tax Credit?* | C93: Generation Tax Credit Election* | E93: ITC Rate (Section 48E) (%)* | G93: ITC Basis Reduction Factor (%)*
A95: PTC Rate ($/MWh)* | C95: PTC Credit Period (years)* | E95: Tax Credit Value Realization Rate (%)* | G95: Federal Tax Rate (%)*
A97: State Tax Rate (%)* | C97: Depreciation Method* | E97: Debt as % of CapEx (%)* | G97: Interest Rate (%)*
A99: Debt Term (years)*
A101: GRANT — TIMING, TREATMENT & SCENARIOS
A102: Enter the total grant amount requested. The equivalent bid amount per lifetime MWh delivered is calculated automatically.
A104: Grant Amount Requested ($)* | C104: Bid Amount ($ requested/MWh lifetime) | D104: =IF(OR(NOT(ISNUMBER($B$104)),NOT(ISNUMBER($H$104))),"", IF($H$104<=0,"",$B$104/$H$104)) | E104: Grant Receipt at COD (Calendar Year) | F104: =$H$8 -> 0 | G104: Lifetime MWh Delivered | H104: =IF($F$8="","", IF(OR($F$8="Tier 1 RE",$F$8="Storage"), IF(ISNUMBER($H$23),$H$23,""), IF($F$8="TIER 1 RE + Storage", IF(ISNUMBER($H$35),$H$35,""), "")))
A106: CALCULATED PARAMETERS
A107: Displays automatically calculated project capacities, capital costs, tax credits, financing amounts, and first-year generation based on the inputs above.
A109: Nameplate Capacity (DC) (MW) | B109: =IF(AND( OR($F$8="Tier 1 RE",$F$8="TIER 1 RE + Storage"), $B$17="Solar PV"), IF(AND(ISNUMBER($B$19),ISNUMBER($B$41)), $B$19*$B$41,0), 0) -> 0 | C109: Storage Power Capacity (MW) | D109: =IF($F$8="Storage", IF(ISNUMBER($B$19),$B$19,0), IF($F$8="TIER 1 RE + Storage", IF(ISNUMBER($F$29),$F$29,0), 0)) -> 0 | E109: Energy Capacity (MWh) | F109: =IF($F$8="Storage", IF(AND(ISNUMBER($B$19),ISNUMBER($F$74)),$B$19*$F$74,0), IF($F$8="TIER 1 RE + Storage", IF(AND(ISNUMBER($F$29),ISNUMBER($F$74)),$F$29*$F$74,0), 0)) -> 0 | G109: Generation Total CapEx ($) | H109: =IF(OR($F$8="Tier 1 RE",$F$8="TIER 1 RE + Storage"),$B$19*1000000*$B$84,0) -> 0
A111: Storage Total CapEx ($) | B111: =IF($F$8="Storage", $B$19*$F$74*1000*$D$84, IF($F$8="TIER 1 RE + Storage", $F$29*$F$74*1000*$D$84, 0)) -> 0 | C111: Total CapEx ($) | D111: ='User Inputs'!$H$109+'User Inputs'!$B$111+'User Inputs'!$F$88 -> 0 | E111: ITC Amount ($) | F111: =IF(OR($B$93="No",$B$93=""),0, IF($F$8="Storage", $B$111*$F$93, IF($F$8="Tier 1 RE", IF(AND($B$93="Yes - Generation and/or Storage",$D$93="ITC"),$H$109*$F$93,0), IF($F$8="TIER 1 RE + Storage", IF($B$93="Storage Only", $B$111*$F$93, IF($B$93="Yes - Generation and/or Storage", IF($D$93="ITC",($H$109+$B$111)*$F$93,$B$111*$F$93), 0)), 0)))) -> 0 | G111: Depreciable Basis ($) | H111: =$D$111-$F$111*$H$93 -> 0
A113: Debt Amount ($) | B113: =$D$111*$F$97 -> 0 | C113: Equity Contribution ($) | D113: =$D$111-$B$113 -> 0 | E113: Combined Tax Rate (%) | F113: =$H$95+$B$97*(1-$H$95) -> 0 | G113: Year-1 Generation (MWh) | H113: =IF($F$8="","", IF($F$8="Storage",0, IF(OR($F$8="Tier 1 RE",$F$8="TIER 1 RE + Storage"), IF(ISNUMBER($D$19),$D$19,""), "")))

Sheet Cash Flow
B3: PROJECT CASH FLOW | 35-YEAR SCENARIOS This worksheet is auto-calculated. No user inputs are expected.
C4: =_xlfn.LET( _xlpm.ProjectType,'User Inputs'!$F$8, _xlpm.TechType,'User Inputs'!$B$17, _xlpm.Subtype,'User Inputs'!$D$17, _xlpm.Lifetime,'User Inputs'!$F$19, _xlpm.Degradation,'User Inputs'!$H$19, _xlpm.RequiresDegradation,OR( _xlpm.Subtype="Other", AND(_xlpm.Degradation<>"",_xlpm.Degradation<>"-") ), IF(OR(_xlpm.ProjectType="",_xlpm.TechType="",_xlpm.Subtype=""), "⚠ CHECK INPUTS - Select a project type, technology type, and technology subtype in the User Inputs Tab", IF(IFERROR(COUNTIF(INDIRECT(SUBSTITUTE(SUBSTITUTE(_xlpm.TechType," ","_"),"-","_")),_xlpm.Subtype),0)=0, "⚠ CHECK INPUTS - Select a technology subtype that matches the technology type in the User Inputs Tab", IF(OR(NOT(ISNUMBER(_xlpm.Lifetime)),_xlpm.Lifetime<=0), "⚠ CHECK INPUTS - Enter a valid system lifetime in the User Inputs Tab", IF(AND(_xlpm.Subtype="Other",NOT(ISNUMBER(_xlpm.Degradation))), "⚠ CHECK INPUTS - Enter a valid system degradation rate in the User Inputs Tab", IF(AND(ISNUMBER(_xlpm.Degradation),OR(_xlpm.Degradation<0,_xlpm.Degradation>=1)), "⚠ CHECK INPUTS - Enter a valid system degradation rate in the User Inputs Tab", "")))))) -> ⚠ CHECK INPUTS - Select a project type, technology type, and technology subtype in the User Inputs Tab
B5: Calendar Year | C5: =IF('User Inputs'!$H$8="","",'User Inputs'!$H$8-2) | D5: =IF(C5="","",C5+1) | E5: =IF(D5="","",D5+1) | F5: =IF(E5="","",E5+1) | G5: =IF(F5="","",F5+1) | H5: =IF(G5="","",G5+1) | I5: =IF(H5="","",H5+1) | J5: =IF(I5="","",I5+1) | K5: =IF(J5="","",J5+1) | ... AM5: =IF(AL5="","",AL5+1)
B6: Year (for internal coding purposes only) | C6: 0 | D6: 0 | E6: 1 | F6: 2 | G6: 3 | H6: 4 | I6: 5 | J6: 6 | K6: 7 | L6: 8 | M6: 9 | N6: 10 | O6: 11 | P6: 12 | Q6: 13 | R6: 14 | S6: 15 | T6: 16 | U6: 17 | V6: 18 | W6: 19 | X6: 20 | Y6: 21 | Z6: 22 | AA6: 23 | AB6: 24 | AC6: 25 | AD6: 26 | AE6: 27 | AF6: 28 | AG6: 29 | AH6: 30 | AI6: 31 | AJ6: 32 | AK6: 33 | AL6: 34 | AM6: 35
B8: Generation & Energy
B9: Generation (MWh) | C9: =0 -> 0 | D9: =0 -> 0 | E9: =IF(OR( NOT(ISNUMBER('User Inputs'!$H$113)), NOT(ISNUMBER('User Inputs'!$F$19)), NOT(ISNUMBER('User Inputs'!$H$19)) ),0, IF(OR(E$6<1,E$6>'User Inputs'!$F$19),0, 'User Inputs'!$H$113*(1-'User Inputs'!$H$19)^(E$6-1))) -> 0 | F9: =IF(OR( NOT(ISNUMBER('User Inputs'!$H$113)), NOT(ISNUMBER('User Inputs'!$F$19)), NOT(ISNUMBER('User Inputs'!$H$19)) ),0, IF(OR(F$6<1,F$6>'User Inputs'!$F$19),0, 'User Inputs'!$H$113*(1-'User Inputs'!$H$19)^(F$6-1))) -> 0 | G9: =IF(OR( NOT(ISNUMBER('User Inputs'!$H$113)), NOT(ISNUMBER('User Inputs'!$F$19)), NOT(ISNUMBER('User Inputs'!$H$19)) ),0, IF(OR(G$6<1,G$6>'User Inputs'!$F$19),0, 'User Inputs'!$H$113*(1-'User Inputs'!$H$19)^(G$6-1))) -> 0 | H9: =IF(OR( NOT(ISNUMBER('User Inputs'!$H$113)), NOT(ISNUMBER('User Inputs'!$F$19)), NOT(ISNUMBER('User Inputs'!$H$19)) ),0, IF(OR(H$6<1,H$6>'User Inputs'!$F$19),0, 'User Inputs'!$H$113*(1-'User Inputs'!$H$19)^(H$6-1))) -> 0 | I9: =IF(OR( NOT(ISNUMBER('User Inputs'!$H$113)), NOT(ISNUMBER('User Inputs'!$F$19)), NOT(ISNUMBER('User Inputs'!$H$19)) ),0, IF(OR(I$6<1,I$6>'User Inputs'!$F$19),0, 'User Inputs'!$H$113*(1-'User Inputs'!$H$19)^(I$6-1))) -> 0 | J9: =IF(OR( NOT(ISNUMBER('User Inputs'!$H$113)), NOT(ISNUMBER('User Inputs'!$F$19)), NOT(ISNUMBER('User Inputs'!$H$19)) ),0, IF(OR(J$6<1,J$6>'User Inputs'!$F$19),0, 'User Inputs'!$H$113*(1-'User Inputs'!$H$19)^(J$6-1))) -> 0 | K9: =IF(OR( NOT(ISNUMBER('User Inputs'!$H$113)), NOT(ISNUMBER('User Inputs'!$F$19)), NOT(ISNUMBER('User Inputs'!$H$19)) ),0, IF(OR(K$6<1,K$6>'User Inputs'!$F$19),0, 'User Inputs'!$H$113*(1-'User Inputs'!$H$19)^(K$6-1))) -> 0 | L9: =IF(OR( NOT(ISNUMBER('User Inputs'!$H$113)), NOT(ISNUMBER('User Inputs'!$F$19)), NOT(ISNUMBER('User Inputs'!$H$19)) ),0, IF(OR(L$6<1,L$6>'User Inputs'!$F$19),0, 'User Inputs'!$H$113*(1-'User Inputs'!$H$19)^(L$6-1))) -> 0 | ... AM9: =IF(OR( NOT(ISNUMBER('User Inputs'!$H$113)), NOT(ISNUMBER('User Inputs'!$F$19)), NOT(ISNUMBER('User Inputs'!$H$19)) ),0, IF(OR(AM$6<1,AM$6>'User Inputs'!$F$19),0, 'User Inputs'!$H$113*(1-'User Inputs'!$H$19)^(AM$6-1))) -> 0
B10: Blended Energy Price ($/MWh) | C10: =0 -> 0 | D10: =0 -> 0 | E10: =IF(E9=0,0,(E11+E12)/E9) -> 0 | F10: =IF(F9=0,0,(F11+F12)/F9) -> 0 | G10: =IF(G9=0,0,(G11+G12)/G9) -> 0 | H10: =IF(H9=0,0,(H11+H12)/H9) -> 0 | I10: =IF(I9=0,0,(I11+I12)/I9) -> 0 | J10: =IF(J9=0,0,(J11+J12)/J9) -> 0 | K10: =IF(K9=0,0,(K11+K12)/K9) -> 0 | L10: =IF(L9=0,0,(L11+L12)/L9) -> 0 | ... AM10: =IF(AM9=0,0,(AM11+AM12)/AM9) -> 0
B11: Energy Revenue ($) Merchant | C11: 0 | D11: =0 -> 0 | E11: =IF(E$6="","",IF(OR(E$6>'User Inputs'!$F$19,'User Inputs'!$F$8="Storage"),0,_xlfn.IFNA(E9*(1-LOOKUP(E$6,'User Inputs'!$A$55:$A$64,'User Inputs'!$E$55:$E$64))*'User Inputs'!$F$50*(1+'User Inputs'!$H$50)^(E$6-1),0))) -> 0 | F11: =IF(F$6="","",IF(OR(F$6>'User Inputs'!$F$19,'User Inputs'!$F$8="Storage"),0,_xlfn.IFNA(F9*(1-LOOKUP(F$6,'User Inputs'!$A$55:$A$64,'User Inputs'!$E$55:$E$64))*'User Inputs'!$F$50*(1+'User Inputs'!$H$50)^(F$6-1),0))) -> 0 | G11: =IF(G$6="","",IF(OR(G$6>'User Inputs'!$F$19,'User Inputs'!$F$8="Storage"),0,_xlfn.IFNA(G9*(1-LOOKUP(G$6,'User Inputs'!$A$55:$A$64,'User Inputs'!$E$55:$E$64))*'User Inputs'!$F$50*(1+'User Inputs'!$H$50)^(G$6-1),0))) -> 0 | H11: =IF(H$6="","",IF(OR(H$6>'User Inputs'!$F$19,'User Inputs'!$F$8="Storage"),0,_xlfn.IFNA(H9*(1-LOOKUP(H$6,'User Inputs'!$A$55:$A$64,'User Inputs'!$E$55:$E$64))*'User Inputs'!$F$50*(1+'User Inputs'!$H$50)^(H$6-1),0))) -> 0 | I11: =IF(I$6="","",IF(OR(I$6>'User Inputs'!$F$19,'User Inputs'!$F$8="Storage"),0,_xlfn.IFNA(I9*(1-LOOKUP(I$6,'User Inputs'!$A$55:$A$64,'User Inputs'!$E$55:$E$64))*'User Inputs'!$F$50*(1+'User Inputs'!$H$50)^(I$6-1),0))) -> 0 | J11: =IF(J$6="","",IF(OR(J$6>'User Inputs'!$F$19,'User Inputs'!$F$8="Storage"),0,_xlfn.IFNA(J9*(1-LOOKUP(J$6,'User Inputs'!$A$55:$A$64,'User Inputs'!$E$55:$E$64))*'User Inputs'!$F$50*(1+'User Inputs'!$H$50)^(J$6-1),0))) -> 0 | K11: =IF(K$6="","",IF(OR(K$6>'User Inputs'!$F$19,'User Inputs'!$F$8="Storage"),0,_xlfn.IFNA(K9*(1-LOOKUP(K$6,'User Inputs'!$A$55:$A$64,'User Inputs'!$E$55:$E$64))*'User Inputs'!$F$50*(1+'User Inputs'!$H$50)^(K$6-1),0))) -> 0 | L11: =IF(L$6="","",IF(OR(L$6>'User Inputs'!$F$19,'User Inputs'!$F$8="Storage"),0,_xlfn.IFNA(L9*(1-LOOKUP(L$6,'User Inputs'!$A$55:$A$64,'User Inputs'!$E$55:$E$64))*'User Inputs'!$F$50*(1+'User Inputs'!$H$50)^(L$6-1),0))) -> 0 | ... AM11: =IF(AM$6="","",IF(OR(AM$6>'User Inputs'!$F$19,'User Inputs'!$F$8="Storage"),0,_xlfn.IFNA(AM9*(1-LOOKUP(AM$6,'User Inputs'!$A$55:$A$64,'User Inputs'!$E$55:$E$64))*'User Inputs'!$F$50*(1+'User Inputs'!$H$50)^(AM$6-1),0))) -> 0
B12: Energy Revenue ($) PPA | C12: =0 -> 0 | D12: =0 -> 0 | E12: =IF(E$6="","",IF(OR(E$6>'User Inputs'!$F$19,'User Inputs'!$F$8="Storage"),0,_xlfn.IFNA(E9*LOOKUP(E$6,'User Inputs'!$A$55:$A$64,'User Inputs'!$E$55:$E$64)*'User Inputs'!$B$50*(1+'User Inputs'!$D$50)^(E$6-1),0))) -> 0 | F12: =IF(F$6="","",IF(OR(F$6>'User Inputs'!$F$19,'User Inputs'!$F$8="Storage"),0,_xlfn.IFNA(F9*LOOKUP(F$6,'User Inputs'!$A$55:$A$64,'User Inputs'!$E$55:$E$64)*'User Inputs'!$B$50*(1+'User Inputs'!$D$50)^(F$6-1),0))) -> 0 | G12: =IF(G$6="","",IF(OR(G$6>'User Inputs'!$F$19,'User Inputs'!$F$8="Storage"),0,_xlfn.IFNA(G9*LOOKUP(G$6,'User Inputs'!$A$55:$A$64,'User Inputs'!$E$55:$E$64)*'User Inputs'!$B$50*(1+'User Inputs'!$D$50)^(G$6-1),0))) -> 0 | H12: =IF(H$6="","",IF(OR(H$6>'User Inputs'!$F$19,'User Inputs'!$F$8="Storage"),0,_xlfn.IFNA(H9*LOOKUP(H$6,'User Inputs'!$A$55:$A$64,'User Inputs'!$E$55:$E$64)*'User Inputs'!$B$50*(1+'User Inputs'!$D$50)^(H$6-1),0))) -> 0 | I12: =IF(I$6="","",IF(OR(I$6>'User Inputs'!$F$19,'User Inputs'!$F$8="Storage"),0,_xlfn.IFNA(I9*LOOKUP(I$6,'User Inputs'!$A$55:$A$64,'User Inputs'!$E$55:$E$64)*'User Inputs'!$B$50*(1+'User Inputs'!$D$50)^(I$6-1),0))) -> 0 | J12: =IF(J$6="","",IF(OR(J$6>'User Inputs'!$F$19,'User Inputs'!$F$8="Storage"),0,_xlfn.IFNA(J9*LOOKUP(J$6,'User Inputs'!$A$55:$A$64,'User Inputs'!$E$55:$E$64)*'User Inputs'!$B$50*(1+'User Inputs'!$D$50)^(J$6-1),0))) -> 0 | K12: =IF(K$6="","",IF(OR(K$6>'User Inputs'!$F$19,'User Inputs'!$F$8="Storage"),0,_xlfn.IFNA(K9*LOOKUP(K$6,'User Inputs'!$A$55:$A$64,'User Inputs'!$E$55:$E$64)*'User Inputs'!$B$50*(1+'User Inputs'!$D$50)^(K$6-1),0))) -> 0 | L12: =IF(L$6="","",IF(OR(L$6>'User Inputs'!$F$19,'User Inputs'!$F$8="Storage"),0,_xlfn.IFNA(L9*LOOKUP(L$6,'User Inputs'!$A$55:$A$64,'User Inputs'!$E$55:$E$64)*'User Inputs'!$B$50*(1+'User Inputs'!$D$50)^(L$6-1),0))) -> 0 | ... AM12: =IF(AM$6="","",IF(OR(AM$6>'User Inputs'!$F$19,'User Inputs'!$F$8="Storage"),0,_xlfn.IFNA(AM9*LOOKUP(AM$6,'User Inputs'!$A$55:$A$64,'User Inputs'!$E$55:$E$64)*'User Inputs'!$B$50*(1+'User Inputs'!$D$50)^(AM$6-1),0))) -> 0
B13: REC Revenue ($) | C13: =0 -> 0 | D13: =0 -> 0 | E13: =IF(OR(E$6>'User Inputs'!$F$19,'User Inputs'!$F$8="Storage"),0,E9*'User Inputs'!$B$66*(1+'User Inputs'!$D$66)^(E$6-1)) -> 0 | F13: =IF(OR(F$6>'User Inputs'!$F$19,'User Inputs'!$F$8="Storage"),0,F9*'User Inputs'!$B$66*(1+'User Inputs'!$D$66)^(F$6-1)) -> 0 | G13: =IF(OR(G$6>'User Inputs'!$F$19,'User Inputs'!$F$8="Storage"),0,G9*'User Inputs'!$B$66*(1+'User Inputs'!$D$66)^(G$6-1)) -> 0 | H13: =IF(OR(H$6>'User Inputs'!$F$19,'User Inputs'!$F$8="Storage"),0,H9*'User Inputs'!$B$66*(1+'User Inputs'!$D$66)^(H$6-1)) -> 0 | I13: =IF(OR(I$6>'User Inputs'!$F$19,'User Inputs'!$F$8="Storage"),0,I9*'User Inputs'!$B$66*(1+'User Inputs'!$D$66)^(I$6-1)) -> 0 | J13: =IF(OR(J$6>'User Inputs'!$F$19,'User Inputs'!$F$8="Storage"),0,J9*'User Inputs'!$B$66*(1+'User Inputs'!$D$66)^(J$6-1)) -> 0 | K13: =IF(OR(K$6>'User Inputs'!$F$19,'User Inputs'!$F$8="Storage"),0,K9*'User Inputs'!$B$66*(1+'User Inputs'!$D$66)^(K$6-1)) -> 0 | L13: =IF(OR(L$6>'User Inputs'!$F$19,'User Inputs'!$F$8="Storage"),0,L9*'User Inputs'!$B$66*(1+'User Inputs'!$D$66)^(L$6-1)) -> 0 | ... AM13: =IF(OR(AM$6>'User Inputs'!$F$19,'User Inputs'!$F$8="Storage"),0,AM9*'User Inputs'!$B$66*(1+'User Inputs'!$D$66)^(AM$6-1)) -> 0
B14: Capacity Revenue ($) — Generation | C14: =0 -> 0 | D14: =0 -> 0 | E14: =IF(OR(E$6<1,E$6>'User Inputs'!$F$19,'User Inputs'!$F$8="Storage"),0, 'User Inputs'!$B$19* IF('User Inputs'!$B$17="Solar PV",'User Inputs'!$H$68,1)* 'User Inputs'!$F$66* (1+'User Inputs'!$H$66)^(E$6-1)*365) -> 0 | F14: =IF(OR(F$6<1,F$6>'User Inputs'!$F$19,'User Inputs'!$F$8="Storage"),0, 'User Inputs'!$B$19* IF('User Inputs'!$B$17="Solar PV",'User Inputs'!$H$68,1)* 'User Inputs'!$F$66* (1+'User Inputs'!$H$66)^(F$6-1)*365) -> 0 | G14: =IF(OR(G$6<1,G$6>'User Inputs'!$F$19,'User Inputs'!$F$8="Storage"),0, 'User Inputs'!$B$19* IF('User Inputs'!$B$17="Solar PV",'User Inputs'!$H$68,1)* 'User Inputs'!$F$66* (1+'User Inputs'!$H$66)^(G$6-1)*365) -> 0 | H14: =IF(OR(H$6<1,H$6>'User Inputs'!$F$19,'User Inputs'!$F$8="Storage"),0, 'User Inputs'!$B$19* IF('User Inputs'!$B$17="Solar PV",'User Inputs'!$H$68,1)* 'User Inputs'!$F$66* (1+'User Inputs'!$H$66)^(H$6-1)*365) -> 0 | I14: =IF(OR(I$6<1,I$6>'User Inputs'!$F$19,'User Inputs'!$F$8="Storage"),0, 'User Inputs'!$B$19* IF('User Inputs'!$B$17="Solar PV",'User Inputs'!$H$68,1)* 'User Inputs'!$F$66* (1+'User Inputs'!$H$66)^(I$6-1)*365) -> 0 | J14: =IF(OR(J$6<1,J$6>'User Inputs'!$F$19,'User Inputs'!$F$8="Storage"),0, 'User Inputs'!$B$19* IF('User Inputs'!$B$17="Solar PV",'User Inputs'!$H$68,1)* 'User Inputs'!$F$66* (1+'User Inputs'!$H$66)^(J$6-1)*365) -> 0 | K14: =IF(OR(K$6<1,K$6>'User Inputs'!$F$19,'User Inputs'!$F$8="Storage"),0, 'User Inputs'!$B$19* IF('User Inputs'!$B$17="Solar PV",'User Inputs'!$H$68,1)* 'User Inputs'!$F$66* (1+'User Inputs'!$H$66)^(K$6-1)*365) -> 0 | L14: =IF(OR(L$6<1,L$6>'User Inputs'!$F$19,'User Inputs'!$F$8="Storage"),0, 'User Inputs'!$B$19* IF('User Inputs'!$B$17="Solar PV",'User Inputs'!$H$68,1)* 'User Inputs'!$F$66* (1+'User Inputs'!$H$66)^(L$6-1)*365) -> 0 | ... AM14: =IF(OR(AM$6<1,AM$6>'User Inputs'!$F$19,'User Inputs'!$F$8="Storage"),0, 'User Inputs'!$B$19* IF('User Inputs'!$B$17="Solar PV",'User Inputs'!$H$68,1)* 'User Inputs'!$F$66* (1+'User Inputs'!$H$66)^(AM$6-1)*365) -> 0
B15: Thermal / Heat Revenue ($) | C15: =0 -> 0 | D15: =0 -> 0 | E15: =IF(OR(E$6<1,E$6>'User Inputs'!$F$19, 'User Inputs'!$F$8="Storage", AND('User Inputs'!$B$17<>"Solar Thermal", 'User Inputs'!$B$17<>"Wastewater-to-Heat", 'User Inputs'!$B$17<>"Poultry Litter-to-Energy", 'User Inputs'!$B$17<>"Geothermal", 'User Inputs'!$B$17<>"Biomass", 'User Inputs'!$B$17<>"Fuel Cell", 'User Inputs'!$B$17<>"Methane-from-Waste")),0, 'User Inputs'!$B$19* 'User Inputs'!$D$41* 'User Inputs'!$F$41* (1+'User Inputs'!$H$41)^(E$6-1)) -> 0 | F15: =IF(OR(F$6<1,F$6>'User Inputs'!$F$19, 'User Inputs'!$F$8="Storage", AND('User Inputs'!$B$17<>"Solar Thermal", 'User Inputs'!$B$17<>"Wastewater-to-Heat", 'User Inputs'!$B$17<>"Poultry Litter-to-Energy", 'User Inputs'!$B$17<>"Geothermal", 'User Inputs'!$B$17<>"Biomass", 'User Inputs'!$B$17<>"Fuel Cell", 'User Inputs'!$B$17<>"Methane-from-Waste")),0, 'User Inputs'!$B$19* 'User Inputs'!$D$41* 'User Inputs'!$F$41* (1+'User Inputs'!$H$41)^(F$6-1)) -> 0 | G15: =IF(OR(G$6<1,G$6>'User Inputs'!$F$19, 'User Inputs'!$F$8="Storage", AND('User Inputs'!$B$17<>"Solar Thermal", 'User Inputs'!$B$17<>"Wastewater-to-Heat", 'User Inputs'!$B$17<>"Poultry Litter-to-Energy", 'User Inputs'!$B$17<>"Geothermal", 'User Inputs'!$B$17<>"Biomass", 'User Inputs'!$B$17<>"Fuel Cell", 'User Inputs'!$B$17<>"Methane-from-Waste")),0, 'User Inputs'!$B$19* 'User Inputs'!$D$41* 'User Inputs'!$F$41* (1+'User Inputs'!$H$41)^(G$6-1)) -> 0 | H15: =IF(OR(H$6<1,H$6>'User Inputs'!$F$19, 'User Inputs'!$F$8="Storage", AND('User Inputs'!$B$17<>"Solar Thermal", 'User Inputs'!$B$17<>"Wastewater-to-Heat", 'User Inputs'!$B$17<>"Poultry Litter-to-Energy", 'User Inputs'!$B$17<>"Geothermal", 'User Inputs'!$B$17<>"Biomass", 'User Inputs'!$B$17<>"Fuel Cell", 'User Inputs'!$B$17<>"Methane-from-Waste")),0, 'User Inputs'!$B$19* 'User Inputs'!$D$41* 'User Inputs'!$F$41* (1+'User Inputs'!$H$41)^(H$6-1)) -> 0 | I15: =IF(OR(I$6<1,I$6>'User Inputs'!$F$19, 'User Inputs'!$F$8="Storage", AND('User Inputs'!$B$17<>"Solar Thermal", 'User Inputs'!$B$17<>"Wastewater-to-Heat", 'User Inputs'!$B$17<>"Poultry Litter-to-Energy", 'User Inputs'!$B$17<>"Geothermal", 'User Inputs'!$B$17<>"Biomass", 'User Inputs'!$B$17<>"Fuel Cell", 'User Inputs'!$B$17<>"Methane-from-Waste")),0, 'User Inputs'!$B$19* 'User Inputs'!$D$41* 'User Inputs'!$F$41* (1+'User Inputs'!$H$41)^(I$6-1)) -> 0 | J15: =IF(OR(J$6<1,J$6>'User Inputs'!$F$19, 'User Inputs'!$F$8="Storage", AND('User Inputs'!$B$17<>"Solar Thermal", 'User Inputs'!$B$17<>"Wastewater-to-Heat", 'User Inputs'!$B$17<>"Poultry Litter-to-Energy", 'User Inputs'!$B$17<>"Geothermal", 'User Inputs'!$B$17<>"Biomass", 'User Inputs'!$B$17<>"Fuel Cell", 'User Inputs'!$B$17<>"Methane-from-Waste")),0, 'User Inputs'!$B$19* 'User Inputs'!$D$41* 'User Inputs'!$F$41* (1+'User Inputs'!$H$41)^(J$6-1)) -> 0 | K15: =IF(OR(K$6<1,K$6>'User Inputs'!$F$19, 'User Inputs'!$F$8="Storage", AND('User Inputs'!$B$17<>"Solar Thermal", 'User Inputs'!$B$17<>"Wastewater-to-Heat", 'User Inputs'!$B$17<>"Poultry Litter-to-Energy", 'User Inputs'!$B$17<>"Geothermal", 'User Inputs'!$B$17<>"Biomass", 'User Inputs'!$B$17<>"Fuel Cell", 'User Inputs'!$B$17<>"Methane-from-Waste")),0, 'User Inputs'!$B$19* 'User Inputs'!$D$41* 'User Inputs'!$F$41* (1+'User Inputs'!$H$41)^(K$6-1)) -> 0 | L15: =IF(OR(L$6<1,L$6>'User Inputs'!$F$19, 'User Inputs'!$F$8="Storage", AND('User Inputs'!$B$17<>"Solar Thermal", 'User Inputs'!$B$17<>"Wastewater-to-Heat", 'User Inputs'!$B$17<>"Poultry Litter-to-Energy", 'User Inputs'!$B$17<>"Geothermal", 'User Inputs'!$B$17<>"Biomass", 'User Inputs'!$B$17<>"Fuel Cell", 'User Inputs'!$B$17<>"Methane-from-Waste")),0, 'User Inputs'!$B$19* 'User Inputs'!$D$41* 'User Inputs'!$F$41* (1+'User Inputs'!$H$41)^(L$6-1)) -> 0 | ... AM15: =IF(OR(AM$6<1,AM$6>'User Inputs'!$F$19, 'User Inputs'!$F$8="Storage", AND('User Inputs'!$B$17<>"Solar Thermal", 'User Inputs'!$B$17<>"Wastewater-to-Heat", 'User Inputs'!$B$17<>"Poultry Litter-to-Energy", 'User Inputs'!$B$17<>"Geothermal", 'User Inputs'!$B$17<>"Biomass", 'User Inputs'!$B$17<>"Fuel Cell", 'User Inputs'!$B$17<>"Methane-from-Waste")),0, 'User Inputs'!$B$19* 'User Inputs'!$D$41* 'User Inputs'!$F$41* (1+'User Inputs'!$H$41)^(AM$6-1)) -> 0
B16: Tipping / Other Revenue ($) | C16: =0 -> 0 | D16: =0 -> 0 | E16: =IF(OR(E$6<1,E$6>'User Inputs'!$F$19, 'User Inputs'!$F$8="Storage"),0, IF(OR('User Inputs'!$B$17="Poultry Litter-to-Energy", 'User Inputs'!$B$17="Methane-from-Waste", 'User Inputs'!$B$17="Biomass"), E9*'User Inputs'!$H$43,0) +'User Inputs'!$B$45* (1+'User Inputs'!$D$45)^(E$6-1)) -> 0 | F16: =IF(OR(F$6<1,F$6>'User Inputs'!$F$19, 'User Inputs'!$F$8="Storage"),0, IF(OR('User Inputs'!$B$17="Poultry Litter-to-Energy", 'User Inputs'!$B$17="Methane-from-Waste", 'User Inputs'!$B$17="Biomass"), F9*'User Inputs'!$H$43,0) +'User Inputs'!$B$45* (1+'User Inputs'!$D$45)^(F$6-1)) -> 0 | G16: =IF(OR(G$6<1,G$6>'User Inputs'!$F$19, 'User Inputs'!$F$8="Storage"),0, IF(OR('User Inputs'!$B$17="Poultry Litter-to-Energy", 'User Inputs'!$B$17="Methane-from-Waste", 'User Inputs'!$B$17="Biomass"), G9*'User Inputs'!$H$43,0) +'User Inputs'!$B$45* (1+'User Inputs'!$D$45)^(G$6-1)) -> 0 | H16: =IF(OR(H$6<1,H$6>'User Inputs'!$F$19, 'User Inputs'!$F$8="Storage"),0, IF(OR('User Inputs'!$B$17="Poultry Litter-to-Energy", 'User Inputs'!$B$17="Methane-from-Waste", 'User Inputs'!$B$17="Biomass"), H9*'User Inputs'!$H$43,0) +'User Inputs'!$B$45* (1+'User Inputs'!$D$45)^(H$6-1)) -> 0 | I16: =IF(OR(I$6<1,I$6>'User Inputs'!$F$19, 'User Inputs'!$F$8="Storage"),0, IF(OR('User Inputs'!$B$17="Poultry Litter-to-Energy", 'User Inputs'!$B$17="Methane-from-Waste", 'User Inputs'!$B$17="Biomass"), I9*'User Inputs'!$H$43,0) +'User Inputs'!$B$45* (1+'User Inputs'!$D$45)^(I$6-1)) -> 0 | J16: =IF(OR(J$6<1,J$6>'User Inputs'!$F$19, 'User Inputs'!$F$8="Storage"),0, IF(OR('User Inputs'!$B$17="Poultry Litter-to-Energy", 'User Inputs'!$B$17="Methane-from-Waste", 'User Inputs'!$B$17="Biomass"), J9*'User Inputs'!$H$43,0) +'User Inputs'!$B$45* (1+'User Inputs'!$D$45)^(J$6-1)) -> 0 | K16: =IF(OR(K$6<1,K$6>'User Inputs'!$F$19, 'User Inputs'!$F$8="Storage"),0, IF(OR('User Inputs'!$B$17="Poultry Litter-to-Energy", 'User Inputs'!$B$17="Methane-from-Waste", 'User Inputs'!$B$17="Biomass"), K9*'User Inputs'!$H$43,0) +'User Inputs'!$B$45* (1+'User Inputs'!$D$45)^(K$6-1)) -> 0 | L16: =IF(OR(L$6<1,L$6>'User Inputs'!$F$19, 'User Inputs'!$F$8="Storage"),0, IF(OR('User Inputs'!$B$17="Poultry Litter-to-Energy", 'User Inputs'!$B$17="Methane-from-Waste", 'User Inputs'!$B$17="Biomass"), L9*'User Inputs'!$H$43,0) +'User Inputs'!$B$45* (1+'User Inputs'!$D$45)^(L$6-1)) -> 0 | ... AM16: =IF(OR(AM$6<1,AM$6>'User Inputs'!$F$19, 'User Inputs'!$F$8="Storage"),0, IF(OR('User Inputs'!$B$17="Poultry Litter-to-Energy", 'User Inputs'!$B$17="Methane-from-Waste", 'User Inputs'!$B$17="Biomass"), AM9*'User Inputs'!$H$43,0) +'User Inputs'!$B$45* (1+'User Inputs'!$D$45)^(AM$6-1)) -> 0
B18: Storage Revenues
B19: Available Energy Capacity (MWh) | C19: =0 -> 0 | D19: =0 -> 0 | E19: =IF(OR(E$6<1,'User Inputs'!$F$8="Tier 1 RE"),0, IF(OR( NOT(ISNUMBER('User Inputs'!$D$74)), NOT(ISNUMBER('User Inputs'!$F$109)), NOT(ISNUMBER('User Inputs'!$B$74)) ),"", IF(OR( 'User Inputs'!$D$74<=0, E$6>'User Inputs'!$D$74 ),0, 'User Inputs'!$F$109* (1-'User Inputs'!$B$74)^(E$6-1)))) | F19: =IF(OR(F$6<1,'User Inputs'!$F$8="Tier 1 RE"),0, IF(OR( NOT(ISNUMBER('User Inputs'!$D$74)), NOT(ISNUMBER('User Inputs'!$F$109)), NOT(ISNUMBER('User Inputs'!$B$74)) ),"", IF(OR( 'User Inputs'!$D$74<=0, F$6>'User Inputs'!$D$74 ),0, 'User Inputs'!$F$109* (1-'User Inputs'!$B$74)^(F$6-1)))) | G19: =IF(OR(G$6<1,'User Inputs'!$F$8="Tier 1 RE"),0, IF(OR( NOT(ISNUMBER('User Inputs'!$D$74)), NOT(ISNUMBER('User Inputs'!$F$109)), NOT(ISNUMBER('User Inputs'!$B$74)) ),"", IF(OR( 'User Inputs'!$D$74<=0, G$6>'User Inputs'!$D$74 ),0, 'User Inputs'!$F$109* (1-'User Inputs'!$B$74)^(G$6-1)))) | H19: =IF(OR(H$6<1,'User Inputs'!$F$8="Tier 1 RE"),0, IF(OR( NOT(ISNUMBER('User Inputs'!$D$74)), NOT(ISNUMBER('User Inputs'!$F$109)), NOT(ISNUMBER('User Inputs'!$B$74)) ),"", IF(OR( 'User Inputs'!$D$74<=0, H$6>'User Inputs'!$D$74 ),0, 'User Inputs'!$F$109* (1-'User Inputs'!$B$74)^(H$6-1)))) | I19: =IF(OR(I$6<1,'User Inputs'!$F$8="Tier 1 RE"),0, IF(OR( NOT(ISNUMBER('User Inputs'!$D$74)), NOT(ISNUMBER('User Inputs'!$F$109)), NOT(ISNUMBER('User Inputs'!$B$74)) ),"", IF(OR( 'User Inputs'!$D$74<=0, I$6>'User Inputs'!$D$74 ),0, 'User Inputs'!$F$109* (1-'User Inputs'!$B$74)^(I$6-1)))) | J19: =IF(OR(J$6<1,'User Inputs'!$F$8="Tier 1 RE"),0, IF(OR( NOT(ISNUMBER('User Inputs'!$D$74)), NOT(ISNUMBER('User Inputs'!$F$109)), NOT(ISNUMBER('User Inputs'!$B$74)) ),"", IF(OR( 'User Inputs'!$D$74<=0, J$6>'User Inputs'!$D$74 ),0, 'User Inputs'!$F$109* (1-'User Inputs'!$B$74)^(J$6-1)))) | K19: =IF(OR(K$6<1,'User Inputs'!$F$8="Tier 1 RE"),0, IF(OR( NOT(ISNUMBER('User Inputs'!$D$74)), NOT(ISNUMBER('User Inputs'!$F$109)), NOT(ISNUMBER('User Inputs'!$B$74)) ),"", IF(OR( 'User Inputs'!$D$74<=0, K$6>'User Inputs'!$D$74 ),0, 'User Inputs'!$F$109* (1-'User Inputs'!$B$74)^(K$6-1)))) | L19: =IF(OR(L$6<1,'User Inputs'!$F$8="Tier 1 RE"),0, IF(OR( NOT(ISNUMBER('User Inputs'!$D$74)), NOT(ISNUMBER('User Inputs'!$F$109)), NOT(ISNUMBER('User Inputs'!$B$74)) ),"", IF(OR( 'User Inputs'!$D$74<=0, L$6>'User Inputs'!$D$74 ),0, 'User Inputs'!$F$109* (1-'User Inputs'!$B$74)^(L$6-1)))) | ... AM19: =IF(OR(AM$6<1,'User Inputs'!$F$8="Tier 1 RE"),0, IF(OR( NOT(ISNUMBER('User Inputs'!$D$74)), NOT(ISNUMBER('User Inputs'!$F$109)), NOT(ISNUMBER('User Inputs'!$B$74)) ),"", IF(OR( 'User Inputs'!$D$74<=0, AM$6>'User Inputs'!$D$74 ),0, 'User Inputs'!$F$109* (1-'User Inputs'!$B$74)^(AM$6-1))))
B20: Capacity Revenue ($) — Storage | C20: =0 -> 0 | D20: =0 -> 0 | E20: =IF(OR(E$6<1,'User Inputs'!$F$8="Tier 1 RE"),0, IF(OR( NOT(ISNUMBER('User Inputs'!$D$74)), NOT(ISNUMBER('User Inputs'!$D$109)) ),"", IF(E$6>'User Inputs'!$D$74,0, 'User Inputs'!$D$109* 'User Inputs'!$H$74* 'User Inputs'!$F$66* (1+'User Inputs'!$H$66)^(E$6-1)*365))) | F20: =IF(OR(F$6<1,'User Inputs'!$F$8="Tier 1 RE"),0, IF(OR( NOT(ISNUMBER('User Inputs'!$D$74)), NOT(ISNUMBER('User Inputs'!$D$109)) ),"", IF(F$6>'User Inputs'!$D$74,0, 'User Inputs'!$D$109* 'User Inputs'!$H$74* 'User Inputs'!$F$66* (1+'User Inputs'!$H$66)^(F$6-1)*365))) | G20: =IF(OR(G$6<1,'User Inputs'!$F$8="Tier 1 RE"),0, IF(OR( NOT(ISNUMBER('User Inputs'!$D$74)), NOT(ISNUMBER('User Inputs'!$D$109)) ),"", IF(G$6>'User Inputs'!$D$74,0, 'User Inputs'!$D$109* 'User Inputs'!$H$74* 'User Inputs'!$F$66* (1+'User Inputs'!$H$66)^(G$6-1)*365))) | H20: =IF(OR(H$6<1,'User Inputs'!$F$8="Tier 1 RE"),0, IF(OR( NOT(ISNUMBER('User Inputs'!$D$74)), NOT(ISNUMBER('User Inputs'!$D$109)) ),"", IF(H$6>'User Inputs'!$D$74,0, 'User Inputs'!$D$109* 'User Inputs'!$H$74* 'User Inputs'!$F$66* (1+'User Inputs'!$H$66)^(H$6-1)*365))) | I20: =IF(OR(I$6<1,'User Inputs'!$F$8="Tier 1 RE"),0, IF(OR( NOT(ISNUMBER('User Inputs'!$D$74)), NOT(ISNUMBER('User Inputs'!$D$109)) ),"", IF(I$6>'User Inputs'!$D$74,0, 'User Inputs'!$D$109* 'User Inputs'!$H$74* 'User Inputs'!$F$66* (1+'User Inputs'!$H$66)^(I$6-1)*365))) | J20: =IF(OR(J$6<1,'User Inputs'!$F$8="Tier 1 RE"),0, IF(OR( NOT(ISNUMBER('User Inputs'!$D$74)), NOT(ISNUMBER('User Inputs'!$D$109)) ),"", IF(J$6>'User Inputs'!$D$74,0, 'User Inputs'!$D$109* 'User Inputs'!$H$74* 'User Inputs'!$F$66* (1+'User Inputs'!$H$66)^(J$6-1)*365))) | K20: =IF(OR(K$6<1,'User Inputs'!$F$8="Tier 1 RE"),0, IF(OR( NOT(ISNUMBER('User Inputs'!$D$74)), NOT(ISNUMBER('User Inputs'!$D$109)) ),"", IF(K$6>'User Inputs'!$D$74,0, 'User Inputs'!$D$109* 'User Inputs'!$H$74* 'User Inputs'!$F$66* (1+'User Inputs'!$H$66)^(K$6-1)*365))) | L20: =IF(OR(L$6<1,'User Inputs'!$F$8="Tier 1 RE"),0, IF(OR( NOT(ISNUMBER('User Inputs'!$D$74)), NOT(ISNUMBER('User Inputs'!$D$109)) ),"", IF(L$6>'User Inputs'!$D$74,0, 'User Inputs'!$D$109* 'User Inputs'!$H$74* 'User Inputs'!$F$66* (1+'User Inputs'!$H$66)^(L$6-1)*365))) | ... AM20: =IF(OR(AM$6<1,'User Inputs'!$F$8="Tier 1 RE"),0, IF(OR( NOT(ISNUMBER('User Inputs'!$D$74)), NOT(ISNUMBER('User Inputs'!$D$109)) ),"", IF(AM$6>'User Inputs'!$D$74,0, 'User Inputs'!$D$109* 'User Inputs'!$H$74* 'User Inputs'!$F$66* (1+'User Inputs'!$H$66)^(AM$6-1)*365)))
B21: Energy Arbitrage Revenue ($) | C21: =0 -> 0 | D21: =0 -> 0 | E21: =IF(OR(E$6<1,'User Inputs'!$F$8="Tier 1 RE"),0, IF(OR( NOT(ISNUMBER('User Inputs'!$D$74)), NOT(ISNUMBER('User Inputs'!$D$109)), NOT(ISNUMBER('User Inputs'!$B$74)) ),"", IF(E$6>'User Inputs'!$D$74,0, 'User Inputs'!$D$109* 'User Inputs'!$B$76* (1+'User Inputs'!$D$76)^(E$6-1)* (1-'User Inputs'!$B$74)^(E$6-1)))) | F21: =IF(OR(F$6<1,'User Inputs'!$F$8="Tier 1 RE"),0, IF(OR( NOT(ISNUMBER('User Inputs'!$D$74)), NOT(ISNUMBER('User Inputs'!$D$109)), NOT(ISNUMBER('User Inputs'!$B$74)) ),"", IF(F$6>'User Inputs'!$D$74,0, 'User Inputs'!$D$109* 'User Inputs'!$B$76* (1+'User Inputs'!$D$76)^(F$6-1)* (1-'User Inputs'!$B$74)^(F$6-1)))) | G21: =IF(OR(G$6<1,'User Inputs'!$F$8="Tier 1 RE"),0, IF(OR( NOT(ISNUMBER('User Inputs'!$D$74)), NOT(ISNUMBER('User Inputs'!$D$109)), NOT(ISNUMBER('User Inputs'!$B$74)) ),"", IF(G$6>'User Inputs'!$D$74,0, 'User Inputs'!$D$109* 'User Inputs'!$B$76* (1+'User Inputs'!$D$76)^(G$6-1)* (1-'User Inputs'!$B$74)^(G$6-1)))) | H21: =IF(OR(H$6<1,'User Inputs'!$F$8="Tier 1 RE"),0, IF(OR( NOT(ISNUMBER('User Inputs'!$D$74)), NOT(ISNUMBER('User Inputs'!$D$109)), NOT(ISNUMBER('User Inputs'!$B$74)) ),"", IF(H$6>'User Inputs'!$D$74,0, 'User Inputs'!$D$109* 'User Inputs'!$B$76* (1+'User Inputs'!$D$76)^(H$6-1)* (1-'User Inputs'!$B$74)^(H$6-1)))) | I21: =IF(OR(I$6<1,'User Inputs'!$F$8="Tier 1 RE"),0, IF(OR( NOT(ISNUMBER('User Inputs'!$D$74)), NOT(ISNUMBER('User Inputs'!$D$109)), NOT(ISNUMBER('User Inputs'!$B$74)) ),"", IF(I$6>'User Inputs'!$D$74,0, 'User Inputs'!$D$109* 'User Inputs'!$B$76* (1+'User Inputs'!$D$76)^(I$6-1)* (1-'User Inputs'!$B$74)^(I$6-1)))) | J21: =IF(OR(J$6<1,'User Inputs'!$F$8="Tier 1 RE"),0, IF(OR( NOT(ISNUMBER('User Inputs'!$D$74)), NOT(ISNUMBER('User Inputs'!$D$109)), NOT(ISNUMBER('User Inputs'!$B$74)) ),"", IF(J$6>'User Inputs'!$D$74,0, 'User Inputs'!$D$109* 'User Inputs'!$B$76* (1+'User Inputs'!$D$76)^(J$6-1)* (1-'User Inputs'!$B$74)^(J$6-1)))) | K21: =IF(OR(K$6<1,'User Inputs'!$F$8="Tier 1 RE"),0, IF(OR( NOT(ISNUMBER('User Inputs'!$D$74)), NOT(ISNUMBER('User Inputs'!$D$109)), NOT(ISNUMBER('User Inputs'!$B$74)) ),"", IF(K$6>'User Inputs'!$D$74,0, 'User Inputs'!$D$109* 'User Inputs'!$B$76* (1+'User Inputs'!$D$76)^(K$6-1)* (1-'User Inputs'!$B$74)^(K$6-1)))) | L21: =IF(OR(L$6<1,'User Inputs'!$F$8="Tier 1 RE"),0, IF(OR( NOT(ISNUMBER('User Inputs'!$D$74)), NOT(ISNUMBER('User Inputs'!$D$109)), NOT(ISNUMBER('User Inputs'!$B$74)) ),"", IF(L$6>'User Inputs'!$D$74,0, 'User Inputs'!$D$109* 'User Inputs'!$B$76* (1+'User Inputs'!$D$76)^(L$6-1)* (1-'User Inputs'!$B$74)^(L$6-1)))) | ... AM21: =IF(OR(AM$6<1,'User Inputs'!$F$8="Tier 1 RE"),0, IF(OR( NOT(ISNUMBER('User Inputs'!$D$74)), NOT(ISNUMBER('User Inputs'!$D$109)), NOT(ISNUMBER('User Inputs'!$B$74)) ),"", IF(AM$6>'User Inputs'!$D$74,0, 'User Inputs'!$D$109* 'User Inputs'!$B$76* (1+'User Inputs'!$D$76)^(AM$6-1)* (1-'User Inputs'!$B$74)^(AM$6-1))))
B22: Ancillary Services Revenue ($) | C22: =0 -> 0 | D22: =0 -> 0 | E22: =IF(OR(E$6<1,'User Inputs'!$F$8="Tier 1 RE"),0, IF(OR(NOT(ISNUMBER('User Inputs'!$D$74)),NOT(ISNUMBER('User Inputs'!$D$109))),"", IF(E$6>'User Inputs'!$D$74,0, 'User Inputs'!$D$109*1000*12* 'User Inputs'!$F$76* (1+'User Inputs'!$H$76)^(E$6-1)))) | F22: =IF(OR(F$6<1,'User Inputs'!$F$8="Tier 1 RE"),0, IF(OR(NOT(ISNUMBER('User Inputs'!$D$74)),NOT(ISNUMBER('User Inputs'!$D$109))),"", IF(F$6>'User Inputs'!$D$74,0, 'User Inputs'!$D$109*1000*12* 'User Inputs'!$F$76* (1+'User Inputs'!$H$76)^(F$6-1)))) | G22: =IF(OR(G$6<1,'User Inputs'!$F$8="Tier 1 RE"),0, IF(OR(NOT(ISNUMBER('User Inputs'!$D$74)),NOT(ISNUMBER('User Inputs'!$D$109))),"", IF(G$6>'User Inputs'!$D$74,0, 'User Inputs'!$D$109*1000*12* 'User Inputs'!$F$76* (1+'User Inputs'!$H$76)^(G$6-1)))) | H22: =IF(OR(H$6<1,'User Inputs'!$F$8="Tier 1 RE"),0, IF(OR(NOT(ISNUMBER('User Inputs'!$D$74)),NOT(ISNUMBER('User Inputs'!$D$109))),"", IF(H$6>'User Inputs'!$D$74,0, 'User Inputs'!$D$109*1000*12* 'User Inputs'!$F$76* (1+'User Inputs'!$H$76)^(H$6-1)))) | I22: =IF(OR(I$6<1,'User Inputs'!$F$8="Tier 1 RE"),0, IF(OR(NOT(ISNUMBER('User Inputs'!$D$74)),NOT(ISNUMBER('User Inputs'!$D$109))),"", IF(I$6>'User Inputs'!$D$74,0, 'User Inputs'!$D$109*1000*12* 'User Inputs'!$F$76* (1+'User Inputs'!$H$76)^(I$6-1)))) | J22: =IF(OR(J$6<1,'User Inputs'!$F$8="Tier 1 RE"),0, IF(OR(NOT(ISNUMBER('User Inputs'!$D$74)),NOT(ISNUMBER('User Inputs'!$D$109))),"", IF(J$6>'User Inputs'!$D$74,0, 'User Inputs'!$D$109*1000*12* 'User Inputs'!$F$76* (1+'User Inputs'!$H$76)^(J$6-1)))) | K22: =IF(OR(K$6<1,'User Inputs'!$F$8="Tier 1 RE"),0, IF(OR(NOT(ISNUMBER('User Inputs'!$D$74)),NOT(ISNUMBER('User Inputs'!$D$109))),"", IF(K$6>'User Inputs'!$D$74,0, 'User Inputs'!$D$109*1000*12* 'User Inputs'!$F$76* (1+'User Inputs'!$H$76)^(K$6-1)))) | L22: =IF(OR(L$6<1,'User Inputs'!$F$8="Tier 1 RE"),0, IF(OR(NOT(ISNUMBER('User Inputs'!$D$74)),NOT(ISNUMBER('User Inputs'!$D$109))),"", IF(L$6>'User Inputs'!$D$74,0, 'User Inputs'!$D$109*1000*12* 'User Inputs'!$F$76* (1+'User Inputs'!$H$76)^(L$6-1)))) | ... AM22: =IF(OR(AM$6<1,'User Inputs'!$F$8="Tier 1 RE"),0, IF(OR(NOT(ISNUMBER('User Inputs'!$D$74)),NOT(ISNUMBER('User Inputs'!$D$109))),"", IF(AM$6>'User Inputs'!$D$74,0, 'User Inputs'!$D$109*1000*12* 'User Inputs'!$F$76* (1+'User Inputs'!$H$76)^(AM$6-1))))
B24: Total Revenues
B25: Total Revenue ($) | C25: =0 -> 0 | D25: =0 -> 0 | E25: =SUM(E11:E16)+SUM(E20:E22) -> 0 | F25: =SUM(F11:F16)+SUM(F20:F22) -> 0 | G25: =SUM(G11:G16)+SUM(G20:G22) -> 0 | H25: =SUM(H11:H16)+SUM(H20:H22) -> 0 | I25: =SUM(I11:I16)+SUM(I20:I22) -> 0 | J25: =SUM(J11:J16)+SUM(J20:J22) -> 0 | K25: =SUM(K11:K16)+SUM(K20:K22) -> 0 | L25: =SUM(L11:L16)+SUM(L20:L22) -> 0 | ... AM25: =SUM(AM11:AM16)+SUM(AM20:AM22) -> 0
B27: Operating Costs
B28: Fixed O&M ($) — Generation | C28: =0 -> 0 | D28: =0 -> 0 | E28: =IF(OR(E$6<1,E$6>'User Inputs'!$F$19,'User Inputs'!$F$8="Storage"),0,'User Inputs'!$B$19*1000*'User Inputs'!$F$84*(1+'User Inputs'!$F$86)^(E$6-1)) -> 0 | F28: =IF(OR(F$6<1,F$6>'User Inputs'!$F$19,'User Inputs'!$F$8="Storage"),0,'User Inputs'!$B$19*1000*'User Inputs'!$F$84*(1+'User Inputs'!$F$86)^(F$6-1)) -> 0 | G28: =IF(OR(G$6<1,G$6>'User Inputs'!$F$19,'User Inputs'!$F$8="Storage"),0,'User Inputs'!$B$19*1000*'User Inputs'!$F$84*(1+'User Inputs'!$F$86)^(G$6-1)) -> 0 | H28: =IF(OR(H$6<1,H$6>'User Inputs'!$F$19,'User Inputs'!$F$8="Storage"),0,'User Inputs'!$B$19*1000*'User Inputs'!$F$84*(1+'User Inputs'!$F$86)^(H$6-1)) -> 0 | I28: =IF(OR(I$6<1,I$6>'User Inputs'!$F$19,'User Inputs'!$F$8="Storage"),0,'User Inputs'!$B$19*1000*'User Inputs'!$F$84*(1+'User Inputs'!$F$86)^(I$6-1)) -> 0 | J28: =IF(OR(J$6<1,J$6>'User Inputs'!$F$19,'User Inputs'!$F$8="Storage"),0,'User Inputs'!$B$19*1000*'User Inputs'!$F$84*(1+'User Inputs'!$F$86)^(J$6-1)) -> 0 | K28: =IF(OR(K$6<1,K$6>'User Inputs'!$F$19,'User Inputs'!$F$8="Storage"),0,'User Inputs'!$B$19*1000*'User Inputs'!$F$84*(1+'User Inputs'!$F$86)^(K$6-1)) -> 0 | L28: =IF(OR(L$6<1,L$6>'User Inputs'!$F$19,'User Inputs'!$F$8="Storage"),0,'User Inputs'!$B$19*1000*'User Inputs'!$F$84*(1+'User Inputs'!$F$86)^(L$6-1)) -> 0 | ... AM28: =IF(OR(AM$6<1,AM$6>'User Inputs'!$F$19,'User Inputs'!$F$8="Storage"),0,'User Inputs'!$B$19*1000*'User Inputs'!$F$84*(1+'User Inputs'!$F$86)^(AM$6-1)) -> 0
B29: Variable O&M ($) | C29: =0 -> 0 | D29: =0 -> 0 | E29: =IF(OR(E$6<1,E$6>'User Inputs'!$F$19),0,E9*'User Inputs'!$H$84) -> 0 | F29: =IF(OR(F$6<1,F$6>'User Inputs'!$F$19),0,F9*'User Inputs'!$H$84) -> 0 | G29: =IF(OR(G$6<1,G$6>'User Inputs'!$F$19),0,G9*'User Inputs'!$H$84) -> 0 | H29: =IF(OR(H$6<1,H$6>'User Inputs'!$F$19),0,H9*'User Inputs'!$H$84) -> 0 | I29: =IF(OR(I$6<1,I$6>'User Inputs'!$F$19),0,I9*'User Inputs'!$H$84) -> 0 | J29: =IF(OR(J$6<1,J$6>'User Inputs'!$F$19),0,J9*'User Inputs'!$H$84) -> 0 | K29: =IF(OR(K$6<1,K$6>'User Inputs'!$F$19),0,K9*'User Inputs'!$H$84) -> 0 | L29: =IF(OR(L$6<1,L$6>'User Inputs'!$F$19),0,L9*'User Inputs'!$H$84) -> 0 | ... AM29: =IF(OR(AM$6<1,AM$6>'User Inputs'!$F$19),0,AM9*'User Inputs'!$H$84) -> 0
B30: Fixed O&M ($) — Storage | C30: =0 -> 0 | D30: =0 -> 0 | E30: =IF(OR(E$6<1,'User Inputs'!$F$8="Tier 1 RE"),0, IF(OR(NOT(ISNUMBER('User Inputs'!$D$74)),NOT(ISNUMBER('User Inputs'!$D$109))),"", IF(E$6>'User Inputs'!$D$74,0, 'User Inputs'!$D$109*1000* 'User Inputs'!$B$86* (1+'User Inputs'!$F$86)^(E$6-1)))) | F30: =IF(OR(F$6<1,'User Inputs'!$F$8="Tier 1 RE"),0, IF(OR(NOT(ISNUMBER('User Inputs'!$D$74)),NOT(ISNUMBER('User Inputs'!$D$109))),"", IF(F$6>'User Inputs'!$D$74,0, 'User Inputs'!$D$109*1000* 'User Inputs'!$B$86* (1+'User Inputs'!$F$86)^(F$6-1)))) | G30: =IF(OR(G$6<1,'User Inputs'!$F$8="Tier 1 RE"),0, IF(OR(NOT(ISNUMBER('User Inputs'!$D$74)),NOT(ISNUMBER('User Inputs'!$D$109))),"", IF(G$6>'User Inputs'!$D$74,0, 'User Inputs'!$D$109*1000* 'User Inputs'!$B$86* (1+'User Inputs'!$F$86)^(G$6-1)))) | H30: =IF(OR(H$6<1,'User Inputs'!$F$8="Tier 1 RE"),0, IF(OR(NOT(ISNUMBER('User Inputs'!$D$74)),NOT(ISNUMBER('User Inputs'!$D$109))),"", IF(H$6>'User Inputs'!$D$74,0, 'User Inputs'!$D$109*1000* 'User Inputs'!$B$86* (1+'User Inputs'!$F$86)^(H$6-1)))) | I30: =IF(OR(I$6<1,'User Inputs'!$F$8="Tier 1 RE"),0, IF(OR(NOT(ISNUMBER('User Inputs'!$D$74)),NOT(ISNUMBER('User Inputs'!$D$109))),"", IF(I$6>'User Inputs'!$D$74,0, 'User Inputs'!$D$109*1000* 'User Inputs'!$B$86* (1+'User Inputs'!$F$86)^(I$6-1)))) | J30: =IF(OR(J$6<1,'User Inputs'!$F$8="Tier 1 RE"),0, IF(OR(NOT(ISNUMBER('User Inputs'!$D$74)),NOT(ISNUMBER('User Inputs'!$D$109))),"", IF(J$6>'User Inputs'!$D$74,0, 'User Inputs'!$D$109*1000* 'User Inputs'!$B$86* (1+'User Inputs'!$F$86)^(J$6-1)))) | K30: =IF(OR(K$6<1,'User Inputs'!$F$8="Tier 1 RE"),0, IF(OR(NOT(ISNUMBER('User Inputs'!$D$74)),NOT(ISNUMBER('User Inputs'!$D$109))),"", IF(K$6>'User Inputs'!$D$74,0, 'User Inputs'!$D$109*1000* 'User Inputs'!$B$86* (1+'User Inputs'!$F$86)^(K$6-1)))) | L30: =IF(OR(L$6<1,'User Inputs'!$F$8="Tier 1 RE"),0, IF(OR(NOT(ISNUMBER('User Inputs'!$D$74)),NOT(ISNUMBER('User Inputs'!$D$109))),"", IF(L$6>'User Inputs'!$D$74,0, 'User Inputs'!$D$109*1000* 'User Inputs'!$B$86* (1+'User Inputs'!$F$86)^(L$6-1)))) | ... AM30: =IF(OR(AM$6<1,'User Inputs'!$F$8="Tier 1 RE"),0, IF(OR(NOT(ISNUMBER('User Inputs'!$D$74)),NOT(ISNUMBER('User Inputs'!$D$109))),"", IF(AM$6>'User Inputs'!$D$74,0, 'User Inputs'!$D$109*1000* 'User Inputs'!$B$86* (1+'User Inputs'!$F$86)^(AM$6-1))))
B31: Variable O&M ($) — Storage | C31: =0 -> 0 | D31: =0 -> 0 | E31: =IF(OR(E$6<1,'User Inputs'!$F$8="Tier 1 RE"),0, IF(OR( NOT(ISNUMBER('User Inputs'!$D$74)), NOT(ISNUMBER('User Inputs'!$B$74)) ),"", IF(E$6>'User Inputs'!$D$74,0, IF('User Inputs'!$F$8="Storage", 'User Inputs'!$D$19, 'User Inputs'!$H$29)* (1-'User Inputs'!$B$74)^(E$6-1)* 'User Inputs'!$D$86* (1+'User Inputs'!$F$86)^(E$6-1)))) | F31: =IF(OR(F$6<1,'User Inputs'!$F$8="Tier 1 RE"),0, IF(OR( NOT(ISNUMBER('User Inputs'!$D$74)), NOT(ISNUMBER('User Inputs'!$B$74)) ),"", IF(F$6>'User Inputs'!$D$74,0, IF('User Inputs'!$F$8="Storage", 'User Inputs'!$D$19, 'User Inputs'!$H$29)* (1-'User Inputs'!$B$74)^(F$6-1)* 'User Inputs'!$D$86* (1+'User Inputs'!$F$86)^(F$6-1)))) | G31: =IF(OR(G$6<1,'User Inputs'!$F$8="Tier 1 RE"),0, IF(OR( NOT(ISNUMBER('User Inputs'!$D$74)), NOT(ISNUMBER('User Inputs'!$B$74)) ),"", IF(G$6>'User Inputs'!$D$74,0, IF('User Inputs'!$F$8="Storage", 'User Inputs'!$D$19, 'User Inputs'!$H$29)* (1-'User Inputs'!$B$74)^(G$6-1)* 'User Inputs'!$D$86* (1+'User Inputs'!$F$86)^(G$6-1)))) | H31: =IF(OR(H$6<1,'User Inputs'!$F$8="Tier 1 RE"),0, IF(OR( NOT(ISNUMBER('User Inputs'!$D$74)), NOT(ISNUMBER('User Inputs'!$B$74)) ),"", IF(H$6>'User Inputs'!$D$74,0, IF('User Inputs'!$F$8="Storage", 'User Inputs'!$D$19, 'User Inputs'!$H$29)* (1-'User Inputs'!$B$74)^(H$6-1)* 'User Inputs'!$D$86* (1+'User Inputs'!$F$86)^(H$6-1)))) | I31: =IF(OR(I$6<1,'User Inputs'!$F$8="Tier 1 RE"),0, IF(OR( NOT(ISNUMBER('User Inputs'!$D$74)), NOT(ISNUMBER('User Inputs'!$B$74)) ),"", IF(I$6>'User Inputs'!$D$74,0, IF('User Inputs'!$F$8="Storage", 'User Inputs'!$D$19, 'User Inputs'!$H$29)* (1-'User Inputs'!$B$74)^(I$6-1)* 'User Inputs'!$D$86* (1+'User Inputs'!$F$86)^(I$6-1)))) | J31: =IF(OR(J$6<1,'User Inputs'!$F$8="Tier 1 RE"),0, IF(OR( NOT(ISNUMBER('User Inputs'!$D$74)), NOT(ISNUMBER('User Inputs'!$B$74)) ),"", IF(J$6>'User Inputs'!$D$74,0, IF('User Inputs'!$F$8="Storage", 'User Inputs'!$D$19, 'User Inputs'!$H$29)* (1-'User Inputs'!$B$74)^(J$6-1)* 'User Inputs'!$D$86* (1+'User Inputs'!$F$86)^(J$6-1)))) | K31: =IF(OR(K$6<1,'User Inputs'!$F$8="Tier 1 RE"),0, IF(OR( NOT(ISNUMBER('User Inputs'!$D$74)), NOT(ISNUMBER('User Inputs'!$B$74)) ),"", IF(K$6>'User Inputs'!$D$74,0, IF('User Inputs'!$F$8="Storage", 'User Inputs'!$D$19, 'User Inputs'!$H$29)* (1-'User Inputs'!$B$74)^(K$6-1)* 'User Inputs'!$D$86* (1+'User Inputs'!$F$86)^(K$6-1)))) | L31: =IF(OR(L$6<1,'User Inputs'!$F$8="Tier 1 RE"),0, IF(OR( NOT(ISNUMBER('User Inputs'!$D$74)), NOT(ISNUMBER('User Inputs'!$B$74)) ),"", IF(L$6>'User Inputs'!$D$74,0, IF('User Inputs'!$F$8="Storage", 'User Inputs'!$D$19, 'User Inputs'!$H$29)* (1-'User Inputs'!$B$74)^(L$6-1)* 'User Inputs'!$D$86* (1+'User Inputs'!$F$86)^(L$6-1)))) | ... AM31: =IF(OR(AM$6<1,'User Inputs'!$F$8="Tier 1 RE"),0, IF(OR( NOT(ISNUMBER('User Inputs'!$D$74)), NOT(ISNUMBER('User Inputs'!$B$74)) ),"", IF(AM$6>'User Inputs'!$D$74,0, IF('User Inputs'!$F$8="Storage", 'User Inputs'!$D$19, 'User Inputs'!$H$29)* (1-'User Inputs'!$B$74)^(AM$6-1)* 'User Inputs'!$D$86* (1+'User Inputs'!$F$86)^(AM$6-1))))
B32: Fuel / Feedstock Cost ($) | C32: =0 -> 0 | D32: =0 -> 0 | E32: =IF(OR(E$6<1,E$6>'User Inputs'!$F$19, 'User Inputs'!$F$8="Storage", AND('User Inputs'!$B$17<>"Biomass", 'User Inputs'!$B$17<>"Poultry Litter-to-Energy", 'User Inputs'!$B$17<>"Methane-from-Waste", 'User Inputs'!$B$17<>"Fuel Cell")),0, E9*'User Inputs'!$B$43* 'User Inputs'!$D$43* (1+'User Inputs'!$F$43)^(E$6-1)) -> 0 | F32: =IF(OR(F$6<1,F$6>'User Inputs'!$F$19, 'User Inputs'!$F$8="Storage", AND('User Inputs'!$B$17<>"Biomass", 'User Inputs'!$B$17<>"Poultry Litter-to-Energy", 'User Inputs'!$B$17<>"Methane-from-Waste", 'User Inputs'!$B$17<>"Fuel Cell")),0, F9*'User Inputs'!$B$43* 'User Inputs'!$D$43* (1+'User Inputs'!$F$43)^(F$6-1)) -> 0 | G32: =IF(OR(G$6<1,G$6>'User Inputs'!$F$19, 'User Inputs'!$F$8="Storage", AND('User Inputs'!$B$17<>"Biomass", 'User Inputs'!$B$17<>"Poultry Litter-to-Energy", 'User Inputs'!$B$17<>"Methane-from-Waste", 'User Inputs'!$B$17<>"Fuel Cell")),0, G9*'User Inputs'!$B$43* 'User Inputs'!$D$43* (1+'User Inputs'!$F$43)^(G$6-1)) -> 0 | H32: =IF(OR(H$6<1,H$6>'User Inputs'!$F$19, 'User Inputs'!$F$8="Storage", AND('User Inputs'!$B$17<>"Biomass", 'User Inputs'!$B$17<>"Poultry Litter-to-Energy", 'User Inputs'!$B$17<>"Methane-from-Waste", 'User Inputs'!$B$17<>"Fuel Cell")),0, H9*'User Inputs'!$B$43* 'User Inputs'!$D$43* (1+'User Inputs'!$F$43)^(H$6-1)) -> 0 | I32: =IF(OR(I$6<1,I$6>'User Inputs'!$F$19, 'User Inputs'!$F$8="Storage", AND('User Inputs'!$B$17<>"Biomass", 'User Inputs'!$B$17<>"Poultry Litter-to-Energy", 'User Inputs'!$B$17<>"Methane-from-Waste", 'User Inputs'!$B$17<>"Fuel Cell")),0, I9*'User Inputs'!$B$43* 'User Inputs'!$D$43* (1+'User Inputs'!$F$43)^(I$6-1)) -> 0 | J32: =IF(OR(J$6<1,J$6>'User Inputs'!$F$19, 'User Inputs'!$F$8="Storage", AND('User Inputs'!$B$17<>"Biomass", 'User Inputs'!$B$17<>"Poultry Litter-to-Energy", 'User Inputs'!$B$17<>"Methane-from-Waste", 'User Inputs'!$B$17<>"Fuel Cell")),0, J9*'User Inputs'!$B$43* 'User Inputs'!$D$43* (1+'User Inputs'!$F$43)^(J$6-1)) -> 0 | K32: =IF(OR(K$6<1,K$6>'User Inputs'!$F$19, 'User Inputs'!$F$8="Storage", AND('User Inputs'!$B$17<>"Biomass", 'User Inputs'!$B$17<>"Poultry Litter-to-Energy", 'User Inputs'!$B$17<>"Methane-from-Waste", 'User Inputs'!$B$17<>"Fuel Cell")),0, K9*'User Inputs'!$B$43* 'User Inputs'!$D$43* (1+'User Inputs'!$F$43)^(K$6-1)) -> 0 | L32: =IF(OR(L$6<1,L$6>'User Inputs'!$F$19, 'User Inputs'!$F$8="Storage", AND('User Inputs'!$B$17<>"Biomass", 'User Inputs'!$B$17<>"Poultry Litter-to-Energy", 'User Inputs'!$B$17<>"Methane-from-Waste", 'User Inputs'!$B$17<>"Fuel Cell")),0, L9*'User Inputs'!$B$43* 'User Inputs'!$D$43* (1+'User Inputs'!$F$43)^(L$6-1)) -> 0 | ... AM32: =IF(OR(AM$6<1,AM$6>'User Inputs'!$F$19, 'User Inputs'!$F$8="Storage", AND('User Inputs'!$B$17<>"Biomass", 'User Inputs'!$B$17<>"Poultry Litter-to-Energy", 'User Inputs'!$B$17<>"Methane-from-Waste", 'User Inputs'!$B$17<>"Fuel Cell")),0, AM9*'User Inputs'!$B$43* 'User Inputs'!$D$43* (1+'User Inputs'!$F$43)^(AM$6-1)) -> 0
B33: Land Lease ($) | C33: =0 -> 0 | D33: =0 -> 0 | E33: =IF(OR(E$6<1,E$6>'User Inputs'!$F$19),0, IF('User Inputs'!$B$88="Yes",0, 'User Inputs'!$D$88*(1+'User Inputs'!$F$86)^(E$6-1))) -> 0 | F33: =IF(OR(F$6<1,F$6>'User Inputs'!$F$19),0, IF('User Inputs'!$B$88="Yes",0, 'User Inputs'!$D$88*(1+'User Inputs'!$F$86)^(F$6-1))) -> 0 | G33: =IF(OR(G$6<1,G$6>'User Inputs'!$F$19),0, IF('User Inputs'!$B$88="Yes",0, 'User Inputs'!$D$88*(1+'User Inputs'!$F$86)^(G$6-1))) -> 0 | H33: =IF(OR(H$6<1,H$6>'User Inputs'!$F$19),0, IF('User Inputs'!$B$88="Yes",0, 'User Inputs'!$D$88*(1+'User Inputs'!$F$86)^(H$6-1))) -> 0 | I33: =IF(OR(I$6<1,I$6>'User Inputs'!$F$19),0, IF('User Inputs'!$B$88="Yes",0, 'User Inputs'!$D$88*(1+'User Inputs'!$F$86)^(I$6-1))) -> 0 | J33: =IF(OR(J$6<1,J$6>'User Inputs'!$F$19),0, IF('User Inputs'!$B$88="Yes",0, 'User Inputs'!$D$88*(1+'User Inputs'!$F$86)^(J$6-1))) -> 0 | K33: =IF(OR(K$6<1,K$6>'User Inputs'!$F$19),0, IF('User Inputs'!$B$88="Yes",0, 'User Inputs'!$D$88*(1+'User Inputs'!$F$86)^(K$6-1))) -> 0 | L33: =IF(OR(L$6<1,L$6>'User Inputs'!$F$19),0, IF('User Inputs'!$B$88="Yes",0, 'User Inputs'!$D$88*(1+'User Inputs'!$F$86)^(L$6-1))) -> 0 | ... AM33: =IF(OR(AM$6<1,AM$6>'User Inputs'!$F$19),0, IF('User Inputs'!$B$88="Yes",0, 'User Inputs'!$D$88*(1+'User Inputs'!$F$86)^(AM$6-1))) -> 0
B34: Augmentation Cost ($) | C34: =0 -> 0 | D34: =0 -> 0 | E34: =IFERROR(IF(AND( 'User Inputs'!$B$78="Yes", OR('User Inputs'!$F$8="Storage",'User Inputs'!$F$8="TIER 1 RE + Storage"), E$6>0, E$6<='User Inputs'!$D$74, 'User Inputs'!$D$78>0, MOD(E$6,'User Inputs'!$D$78)=0), 'User Inputs'!$F$109*1000* 'User Inputs'!$F$78* (1-(1-'User Inputs'!$B$74)^'User Inputs'!$D$78), 0),0) -> 0 | F34: =IFERROR(IF(AND( 'User Inputs'!$B$78="Yes", OR('User Inputs'!$F$8="Storage",'User Inputs'!$F$8="TIER 1 RE + Storage"), F$6>0, F$6<='User Inputs'!$D$74, 'User Inputs'!$D$78>0, MOD(F$6,'User Inputs'!$D$78)=0), 'User Inputs'!$F$109*1000* 'User Inputs'!$F$78* (1-(1-'User Inputs'!$B$74)^'User Inputs'!$D$78), 0),0) -> 0 | G34: =IFERROR(IF(AND( 'User Inputs'!$B$78="Yes", OR('User Inputs'!$F$8="Storage",'User Inputs'!$F$8="TIER 1 RE + Storage"), G$6>0, G$6<='User Inputs'!$D$74, 'User Inputs'!$D$78>0, MOD(G$6,'User Inputs'!$D$78)=0), 'User Inputs'!$F$109*1000* 'User Inputs'!$F$78* (1-(1-'User Inputs'!$B$74)^'User Inputs'!$D$78), 0),0) -> 0 | H34: =IFERROR(IF(AND( 'User Inputs'!$B$78="Yes", OR('User Inputs'!$F$8="Storage",'User Inputs'!$F$8="TIER 1 RE + Storage"), H$6>0, H$6<='User Inputs'!$D$74, 'User Inputs'!$D$78>0, MOD(H$6,'User Inputs'!$D$78)=0), 'User Inputs'!$F$109*1000* 'User Inputs'!$F$78* (1-(1-'User Inputs'!$B$74)^'User Inputs'!$D$78), 0),0) -> 0 | I34: =IFERROR(IF(AND( 'User Inputs'!$B$78="Yes", OR('User Inputs'!$F$8="Storage",'User Inputs'!$F$8="TIER 1 RE + Storage"), I$6>0, I$6<='User Inputs'!$D$74, 'User Inputs'!$D$78>0, MOD(I$6,'User Inputs'!$D$78)=0), 'User Inputs'!$F$109*1000* 'User Inputs'!$F$78* (1-(1-'User Inputs'!$B$74)^'User Inputs'!$D$78), 0),0) -> 0 | J34: =IFERROR(IF(AND( 'User Inputs'!$B$78="Yes", OR('User Inputs'!$F$8="Storage",'User Inputs'!$F$8="TIER 1 RE + Storage"), J$6>0, J$6<='User Inputs'!$D$74, 'User Inputs'!$D$78>0, MOD(J$6,'User Inputs'!$D$78)=0), 'User Inputs'!$F$109*1000* 'User Inputs'!$F$78* (1-(1-'User Inputs'!$B$74)^'User Inputs'!$D$78), 0),0) -> 0 | K34: =IFERROR(IF(AND( 'User Inputs'!$B$78="Yes", OR('User Inputs'!$F$8="Storage",'User Inputs'!$F$8="TIER 1 RE + Storage"), K$6>0, K$6<='User Inputs'!$D$74, 'User Inputs'!$D$78>0, MOD(K$6,'User Inputs'!$D$78)=0), 'User Inputs'!$F$109*1000* 'User Inputs'!$F$78* (1-(1-'User Inputs'!$B$74)^'User Inputs'!$D$78), 0),0) -> 0 | L34: =IFERROR(IF(AND( 'User Inputs'!$B$78="Yes", OR('User Inputs'!$F$8="Storage",'User Inputs'!$F$8="TIER 1 RE + Storage"), L$6>0, L$6<='User Inputs'!$D$74, 'User Inputs'!$D$78>0, MOD(L$6,'User Inputs'!$D$78)=0), 'User Inputs'!$F$109*1000* 'User Inputs'!$F$78* (1-(1-'User Inputs'!$B$74)^'User Inputs'!$D$78), 0),0) -> 0 | ... AM34: =IFERROR(IF(AND( 'User Inputs'!$B$78="Yes", OR('User Inputs'!$F$8="Storage",'User Inputs'!$F$8="TIER 1 RE + Storage"), AM$6>0, AM$6<='User Inputs'!$D$74, 'User Inputs'!$D$78>0, MOD(AM$6,'User Inputs'!$D$78)=0), 'User Inputs'!$F$109*1000* 'User Inputs'!$F$78* (1-(1-'User Inputs'!$B$74)^'User Inputs'!$D$78), 0),0) -> 0
B35: Total Operating Costs ($) | C35: =0 -> 0 | D35: =0 -> 0 | E35: =SUM(E28:E34) -> 0 | F35: =SUM(F28:F34) -> 0 | G35: =SUM(G28:G34) -> 0 | H35: =SUM(H28:H34) -> 0 | I35: =SUM(I28:I34) -> 0 | J35: =SUM(J28:J34) -> 0 | K35: =SUM(K28:K34) -> 0 | L35: =SUM(L28:L34) -> 0 | ... AM35: =SUM(AM28:AM34) -> 0
B36: EBITDA ($) | C36: =0 -> 0 | D36: =0 -> 0 | E36: =E25-E35 -> 0 | F36: =F25-F35 -> 0 | G36: =G25-G35 -> 0 | H36: =H25-H35 -> 0 | I36: =I25-I35 -> 0 | J36: =J25-J35 -> 0 | K36: =K25-K35 -> 0 | L36: =L25-L35 -> 0 | ... AM36: =AM25-AM35 -> 0
B38: Tax, ITC & Financing
B39: Depreciation Before Grant ($) | C39: =0 -> 0 | D39: =0 -> 0 | E39: =IF(E$6>'User Inputs'!$F$19,0,'User Inputs'!$H$111*IF('User Inputs'!$D$97="Straight-line",1/'User Inputs'!$F$19,IF(E$6<=6,CHOOSE(E$6,0.2,0.32,0.192,0.1152,0.1152,0.0576),0))) -> 0 | F39: =IF(F$6>'User Inputs'!$F$19,0,'User Inputs'!$H$111*IF('User Inputs'!$D$97="Straight-line",1/'User Inputs'!$F$19,IF(F$6<=6,CHOOSE(F$6,0.2,0.32,0.192,0.1152,0.1152,0.0576),0))) -> 0 | G39: =IF(G$6>'User Inputs'!$F$19,0,'User Inputs'!$H$111*IF('User Inputs'!$D$97="Straight-line",1/'User Inputs'!$F$19,IF(G$6<=6,CHOOSE(G$6,0.2,0.32,0.192,0.1152,0.1152,0.0576),0))) -> 0 | H39: =IF(H$6>'User Inputs'!$F$19,0,'User Inputs'!$H$111*IF('User Inputs'!$D$97="Straight-line",1/'User Inputs'!$F$19,IF(H$6<=6,CHOOSE(H$6,0.2,0.32,0.192,0.1152,0.1152,0.0576),0))) -> 0 | I39: =IF(I$6>'User Inputs'!$F$19,0,'User Inputs'!$H$111*IF('User Inputs'!$D$97="Straight-line",1/'User Inputs'!$F$19,IF(I$6<=6,CHOOSE(I$6,0.2,0.32,0.192,0.1152,0.1152,0.0576),0))) -> 0 | J39: =IF(J$6>'User Inputs'!$F$19,0,'User Inputs'!$H$111*IF('User Inputs'!$D$97="Straight-line",1/'User Inputs'!$F$19,IF(J$6<=6,CHOOSE(J$6,0.2,0.32,0.192,0.1152,0.1152,0.0576),0))) -> 0 | K39: =IF(K$6>'User Inputs'!$F$19,0,'User Inputs'!$H$111*IF('User Inputs'!$D$97="Straight-line",1/'User Inputs'!$F$19,IF(K$6<=6,CHOOSE(K$6,0.2,0.32,0.192,0.1152,0.1152,0.0576),0))) -> 0 | L39: =IF(L$6>'User Inputs'!$F$19,0,'User Inputs'!$H$111*IF('User Inputs'!$D$97="Straight-line",1/'User Inputs'!$F$19,IF(L$6<=6,CHOOSE(L$6,0.2,0.32,0.192,0.1152,0.1152,0.0576),0))) -> 0 | ... AM39: =IF(AM$6>'User Inputs'!$F$19,0,'User Inputs'!$H$111*IF('User Inputs'!$D$97="Straight-line",1/'User Inputs'!$F$19,IF(AM$6<=6,CHOOSE(AM$6,0.2,0.32,0.192,0.1152,0.1152,0.0576),0))) -> 0
B40: Depreciation After Grant ($) | C40: =0 -> 0 | D40: =0 -> 0 | E40: =E39 -> 0 | F40: =F39 -> 0 | G40: =G39 -> 0 | H40: =H39 -> 0 | I40: =I39 -> 0 | J40: =J39 -> 0 | K40: =K39 -> 0 | L40: =L39 -> 0 | ... AM40: =AM39 -> 0
B41: Beginning Debt Balance ($) | C41: ='User Inputs'!$B$113 -> 0 | D41: =C41 -> 0 | E41: =C45 -> 0 | F41: =E45 -> 0 | G41: =F45 -> 0 | H41: =G45 -> 0 | I41: =H45 -> 0 | J41: =I45 -> 0 | K41: =J45 -> 0 | L41: =K45 -> 0 | M41: =L45 -> 0 | ... AM41: =AL45 -> 0
B42: Interest Expense ($) | C42: =0 -> 0 | D42: =0 -> 0 | E42: =IF(E$6<='User Inputs'!$B$99,E41*'User Inputs'!$H$97,0) -> 0 | F42: =IF(F$6<='User Inputs'!$B$99,F41*'User Inputs'!$H$97,0) -> 0 | G42: =IF(G$6<='User Inputs'!$B$99,G41*'User Inputs'!$H$97,0) -> 0 | H42: =IF(H$6<='User Inputs'!$B$99,H41*'User Inputs'!$H$97,0) -> 0 | I42: =IF(I$6<='User Inputs'!$B$99,I41*'User Inputs'!$H$97,0) -> 0 | J42: =IF(J$6<='User Inputs'!$B$99,J41*'User Inputs'!$H$97,0) -> 0 | K42: =IF(K$6<='User Inputs'!$B$99,K41*'User Inputs'!$H$97,0) -> 0 | L42: =IF(L$6<='User Inputs'!$B$99,L41*'User Inputs'!$H$97,0) -> 0 | ... AM42: =IF(AM$6<='User Inputs'!$B$99,AM41*'User Inputs'!$H$97,0) -> 0
B43: Principal ($) | C43: =0 -> 0 | D43: =0 -> 0 | E43: =MAX(0,E44-E42) -> 0 | F43: =MAX(0,F44-F42) -> 0 | G43: =MAX(0,G44-G42) -> 0 | H43: =MAX(0,H44-H42) -> 0 | I43: =MAX(0,I44-I42) -> 0 | J43: =MAX(0,J44-J42) -> 0 | K43: =MAX(0,K44-K42) -> 0 | L43: =MAX(0,L44-L42) -> 0 | ... AM43: =MAX(0,AM44-AM42) -> 0
B44: Debt Service ($) | C44: =0 -> 0 | D44: =0 -> 0 | E44: =IF(OR(E$6>'User Inputs'!$B$99,E41<=0),0, MIN(E41+E42, -PMT('User Inputs'!$H$97, 'User Inputs'!$B$99, 'User Inputs'!$B$113))) -> 0 | F44: =IF(OR(F$6>'User Inputs'!$B$99,F41<=0),0, MIN(F41+F42, -PMT('User Inputs'!$H$97, 'User Inputs'!$B$99, 'User Inputs'!$B$113))) -> 0 | G44: =IF(OR(G$6>'User Inputs'!$B$99,G41<=0),0, MIN(G41+G42, -PMT('User Inputs'!$H$97, 'User Inputs'!$B$99, 'User Inputs'!$B$113))) -> 0 | H44: =IF(OR(H$6>'User Inputs'!$B$99,H41<=0),0, MIN(H41+H42, -PMT('User Inputs'!$H$97, 'User Inputs'!$B$99, 'User Inputs'!$B$113))) -> 0 | I44: =IF(OR(I$6>'User Inputs'!$B$99,I41<=0),0, MIN(I41+I42, -PMT('User Inputs'!$H$97, 'User Inputs'!$B$99, 'User Inputs'!$B$113))) -> 0 | J44: =IF(OR(J$6>'User Inputs'!$B$99,J41<=0),0, MIN(J41+J42, -PMT('User Inputs'!$H$97, 'User Inputs'!$B$99, 'User Inputs'!$B$113))) -> 0 | K44: =IF(OR(K$6>'User Inputs'!$B$99,K41<=0),0, MIN(K41+K42, -PMT('User Inputs'!$H$97, 'User Inputs'!$B$99, 'User Inputs'!$B$113))) -> 0 | L44: =IF(OR(L$6>'User Inputs'!$B$99,L41<=0),0, MIN(L41+L42, -PMT('User Inputs'!$H$97, 'User Inputs'!$B$99, 'User Inputs'!$B$113))) -> 0 | ... AM44: =IF(OR(AM$6>'User Inputs'!$B$99,AM41<=0),0, MIN(AM41+AM42, -PMT('User Inputs'!$H$97, 'User Inputs'!$B$99, 'User Inputs'!$B$113))) -> 0
B45: Ending Debt Balance ($) | C45: ='User Inputs'!$B$113 -> 0 | D45: =C45 -> 0 | E45: =MAX(0,E41-E43) -> 0 | F45: =MAX(0,F41-F43) -> 0 | G45: =MAX(0,G41-G43) -> 0 | H45: =MAX(0,H41-H43) -> 0 | I45: =MAX(0,I41-I43) -> 0 | J45: =MAX(0,J41-J43) -> 0 | K45: =MAX(0,K41-K43) -> 0 | L45: =MAX(0,L41-L43) -> 0 | ... AM45: =MAX(0,AM41-AM43) -> 0
B46: Taxes ($) — Without Grant | C46: =0 -> 0 | D46: =0 -> 0 | E46: =MAX(0,E36-E39-E42)*'User Inputs'!$F$113 -> 0 | F46: =MAX(0,F36-F39-F42-E47)*'User Inputs'!$F$113 -> 0 | G46: =MAX(0,G36-G39-G42-F47)*'User Inputs'!$F$113 -> 0 | H46: =MAX(0,H36-H39-H42-G47)*'User Inputs'!$F$113 -> 0 | I46: =MAX(0,I36-I39-I42-H47)*'User Inputs'!$F$113 -> 0 | J46: =MAX(0,J36-J39-J42-I47)*'User Inputs'!$F$113 -> 0 | K46: =MAX(0,K36-K39-K42-J47)*'User Inputs'!$F$113 -> 0 | L46: =MAX(0,L36-L39-L42-K47)*'User Inputs'!$F$113 -> 0 | M46: =MAX(0,M36-M39-M42-L47)*'User Inputs'!$F$113 -> 0 | ... AM46: =MAX(0,AM36-AM39-AM42-AL47)*'User Inputs'!$F$113 -> 0
B47: Tax Loss Carryforward — Without Grant | C47: =0 -> 0 | D47: =0 -> 0 | E47: =MAX(0,E39+E42-E36) -> 0 | F47: =MAX(0,E47-(F36-F39-F42)) -> 0 | G47: =MAX(0,F47-(G36-G39-G42)) -> 0 | H47: =MAX(0,G47-(H36-H39-H42)) -> 0 | I47: =MAX(0,H47-(I36-I39-I42)) -> 0 | J47: =MAX(0,I47-(J36-J39-J42)) -> 0 | K47: =MAX(0,J47-(K36-K39-K42)) -> 0 | L47: =MAX(0,K47-(L36-L39-L42)) -> 0 | M47: =MAX(0,L47-(M36-M39-M42)) -> 0 | ... AM47: =MAX(0,AL47-(AM36-AM39-AM42)) -> 0
B48: Taxes ($) — With Grant | C48: =0 -> 0 | D48: =0 -> 0 | E48: =MAX(0,E36-E40-E42+E54)*'User Inputs'!$F$113 -> 0 | F48: =MAX(0,F36-F40-F42+F54-E49)*'User Inputs'!$F$113 -> 0 | G48: =MAX(0,G36-G40-G42+G54-F49)*'User Inputs'!$F$113 -> 0 | H48: =MAX(0,H36-H40-H42+H54-G49)*'User Inputs'!$F$113 -> 0 | I48: =MAX(0,I36-I40-I42+I54-H49)*'User Inputs'!$F$113 -> 0 | J48: =MAX(0,J36-J40-J42+J54-I49)*'User Inputs'!$F$113 -> 0 | K48: =MAX(0,K36-K40-K42+K54-J49)*'User Inputs'!$F$113 -> 0 | L48: =MAX(0,L36-L40-L42+L54-K49)*'User Inputs'!$F$113 -> 0 | M48: =MAX(0,M36-M40-M42+M54-L49)*'User Inputs'!$F$113 -> 0 | ... AM48: =MAX(0,AM36-AM40-AM42+AM54-AL49)*'User Inputs'!$F$113 -> 0
B49: Tax Loss Carryforward — With Grant | C49: =0 -> 0 | D49: =0 -> 0 | E49: =MAX(0,E40+E42-E36-E54) -> 0 | F49: =MAX(0,E49-(F36-F40-F42+F54)) -> 0 | G49: =MAX(0,F49-(G36-G40-G42+G54)) -> 0 | H49: =MAX(0,G49-(H36-H40-H42+H54)) -> 0 | I49: =MAX(0,H49-(I36-I40-I42+I54)) -> 0 | J49: =MAX(0,I49-(J36-J40-J42+J54)) -> 0 | K49: =MAX(0,J49-(K36-K40-K42+K54)) -> 0 | L49: =MAX(0,K49-(L36-L40-L42+L54)) -> 0 | M49: =MAX(0,L49-(M36-M40-M42+M54)) -> 0 | ... AM49: =MAX(0,AL49-(AM36-AM40-AM42+AM54)) -> 0
B50: ITC Without Grant ($) | C50: =0 -> 0 | D50: =0 -> 0 | E50: =IF(E$6=1,'User Inputs'!$F$111*'User Inputs'!$F$95,0) -> 0 | F50: =IF(F$6=1,'User Inputs'!$F$111*'User Inputs'!$F$95,0) -> 0 | G50: =IF(G$6=1,'User Inputs'!$F$111*'User Inputs'!$F$95,0) -> 0 | H50: =IF(H$6=1,'User Inputs'!$F$111*'User Inputs'!$F$95,0) -> 0 | I50: =IF(I$6=1,'User Inputs'!$F$111*'User Inputs'!$F$95,0) -> 0 | J50: =IF(J$6=1,'User Inputs'!$F$111*'User Inputs'!$F$95,0) -> 0 | K50: =IF(K$6=1,'User Inputs'!$F$111*'User Inputs'!$F$95,0) -> 0 | L50: =IF(L$6=1,'User Inputs'!$F$111*'User Inputs'!$F$95,0) -> 0 | ... AM50: =IF(AM$6=1,'User Inputs'!$F$111*'User Inputs'!$F$95,0) -> 0
B51: ITC With Grant ($) | C51: =0 -> 0 | D51: =0 -> 0 | E51: =E50 -> 0 | F51: =F50 -> 0 | G51: =G50 -> 0 | H51: =H50 -> 0 | I51: =I50 -> 0 | J51: =J50 -> 0 | K51: =K50 -> 0 | L51: =L50 -> 0 | ... AM51: =AM50 -> 0
B52: PTC Without Grant ($) | C52: =0 -> 0 | D52: =0 -> 0 | E52: =IF(AND( OR('User Inputs'!$F$8="Tier 1 RE",'User Inputs'!$F$8="TIER 1 RE + Storage"), 'User Inputs'!$B$93="Yes - Generation and/or Storage", 'User Inputs'!$D$93="PTC", E$6>=1, E$6<=MIN('User Inputs'!$D$95,'User Inputs'!$F$19)), E9*'User Inputs'!$B$95*'User Inputs'!$F$95, 0) -> 0 | F52: =IF(AND( OR('User Inputs'!$F$8="Tier 1 RE",'User Inputs'!$F$8="TIER 1 RE + Storage"), 'User Inputs'!$B$93="Yes - Generation and/or Storage", 'User Inputs'!$D$93="PTC", F$6>=1, F$6<=MIN('User Inputs'!$D$95,'User Inputs'!$F$19)), F9*'User Inputs'!$B$95*'User Inputs'!$F$95, 0) -> 0 | G52: =IF(AND( OR('User Inputs'!$F$8="Tier 1 RE",'User Inputs'!$F$8="TIER 1 RE + Storage"), 'User Inputs'!$B$93="Yes - Generation and/or Storage", 'User Inputs'!$D$93="PTC", G$6>=1, G$6<=MIN('User Inputs'!$D$95,'User Inputs'!$F$19)), G9*'User Inputs'!$B$95*'User Inputs'!$F$95, 0) -> 0 | H52: =IF(AND( OR('User Inputs'!$F$8="Tier 1 RE",'User Inputs'!$F$8="TIER 1 RE + Storage"), 'User Inputs'!$B$93="Yes - Generation and/or Storage", 'User Inputs'!$D$93="PTC", H$6>=1, H$6<=MIN('User Inputs'!$D$95,'User Inputs'!$F$19)), H9*'User Inputs'!$B$95*'User Inputs'!$F$95, 0) -> 0 | I52: =IF(AND( OR('User Inputs'!$F$8="Tier 1 RE",'User Inputs'!$F$8="TIER 1 RE + Storage"), 'User Inputs'!$B$93="Yes - Generation and/or Storage", 'User Inputs'!$D$93="PTC", I$6>=1, I$6<=MIN('User Inputs'!$D$95,'User Inputs'!$F$19)), I9*'User Inputs'!$B$95*'User Inputs'!$F$95, 0) -> 0 | J52: =IF(AND( OR('User Inputs'!$F$8="Tier 1 RE",'User Inputs'!$F$8="TIER 1 RE + Storage"), 'User Inputs'!$B$93="Yes - Generation and/or Storage", 'User Inputs'!$D$93="PTC", J$6>=1, J$6<=MIN('User Inputs'!$D$95,'User Inputs'!$F$19)), J9*'User Inputs'!$B$95*'User Inputs'!$F$95, 0) -> 0 | K52: =IF(AND( OR('User Inputs'!$F$8="Tier 1 RE",'User Inputs'!$F$8="TIER 1 RE + Storage"), 'User Inputs'!$B$93="Yes - Generation and/or Storage", 'User Inputs'!$D$93="PTC", K$6>=1, K$6<=MIN('User Inputs'!$D$95,'User Inputs'!$F$19)), K9*'User Inputs'!$B$95*'User Inputs'!$F$95, 0) -> 0 | L52: =IF(AND( OR('User Inputs'!$F$8="Tier 1 RE",'User Inputs'!$F$8="TIER 1 RE + Storage"), 'User Inputs'!$B$93="Yes - Generation and/or Storage", 'User Inputs'!$D$93="PTC", L$6>=1, L$6<=MIN('User Inputs'!$D$95,'User Inputs'!$F$19)), L9*'User Inputs'!$B$95*'User Inputs'!$F$95, 0) -> 0 | ... AM52: =IF(AND( OR('User Inputs'!$F$8="Tier 1 RE",'User Inputs'!$F$8="TIER 1 RE + Storage"), 'User Inputs'!$B$93="Yes - Generation and/or Storage", 'User Inputs'!$D$93="PTC", AM$6>=1, AM$6<=MIN('User Inputs'!$D$95,'User Inputs'!$F$19)), AM9*'User Inputs'!$B$95*'User Inputs'!$F$95, 0) -> 0
B53: PTC With Grant ($) | C53: =0 -> 0 | D53: =0 -> 0 | E53: =E52 -> 0 | F53: =F52 -> 0 | G53: =G52 -> 0 | H53: =H52 -> 0 | I53: =I52 -> 0 | J53: =J52 -> 0 | K53: =K52 -> 0 | L53: =L52 -> 0 | ... AM53: =AM52 -> 0
B54: Grant Cash Received ($) | C54: =0 -> 0 | D54: =0 -> 0 | E54: =IF(AND(E$6=1,E$6<='User Inputs'!$F$19),'User Inputs'!$B$104,0) -> 0 | F54: =IF(AND(F$6=1,F$6<='User Inputs'!$F$19),'User Inputs'!$B$104,0) -> 0 | G54: =IF(AND(G$6=1,G$6<='User Inputs'!$F$19),'User Inputs'!$B$104,0) -> 0 | H54: =IF(AND(H$6=1,H$6<='User Inputs'!$F$19),'User Inputs'!$B$104,0) -> 0 | I54: =IF(AND(I$6=1,I$6<='User Inputs'!$F$19),'User Inputs'!$B$104,0) -> 0 | J54: =IF(AND(J$6=1,J$6<='User Inputs'!$F$19),'User Inputs'!$B$104,0) -> 0 | K54: =IF(AND(K$6=1,K$6<='User Inputs'!$F$19),'User Inputs'!$B$104,0) -> 0 | L54: =IF(AND(L$6=1,L$6<='User Inputs'!$F$19),'User Inputs'!$B$104,0) -> 0 | ... AM54: =IF(AND(AM$6=1,AM$6<='User Inputs'!$F$19),'User Inputs'!$B$104,0) -> 0
B56: Free Cash Flows & Coverage
B57: Unlevered Free Cash Flow ($) — Without Grant | C57: =-'User Inputs'!$D$111 -> 0 | D57: =0 -> 0 | E57: =E36-E46+E50+E52 -> 0 | F57: =F36-F46+F50+F52 -> 0 | G57: =G36-G46+G50+G52 -> 0 | H57: =H36-H46+H50+H52 -> 0 | I57: =I36-I46+I50+I52 -> 0 | J57: =J36-J46+J50+J52 -> 0 | K57: =K36-K46+K50+K52 -> 0 | L57: =L36-L46+L50+L52 -> 0 | ... AM57: =AM36-AM46+AM50+AM52 -> 0
B58: Unlevered Free Cash Flow ($) — With Grant | C58: =-'User Inputs'!$D$111 -> 0 | D58: =0 -> 0 | E58: =E36-E48+E51+E53+E54 -> 0 | F58: =F36-F48+F51+F53+F54 -> 0 | G58: =G36-G48+G51+G53+G54 -> 0 | H58: =H36-H48+H51+H53+H54 -> 0 | I58: =I36-I48+I51+I53+I54 -> 0 | J58: =J36-J48+J51+J53+J54 -> 0 | K58: =K36-K48+K51+K53+K54 -> 0 | L58: =L36-L48+L51+L53+L54 -> 0 | ... AM58: =AM36-AM48+AM51+AM53+AM54 -> 0
B59: Levered Free Cash Flow ($) — Without Grant | C59: =-'User Inputs'!$D$113 -> 0 | D59: =0 -> 0 | E59: =E57-E44 -> 0 | F59: =F57-F44 -> 0 | G59: =G57-G44 -> 0 | H59: =H57-H44 -> 0 | I59: =I57-I44 -> 0 | J59: =J57-J44 -> 0 | K59: =K57-K44 -> 0 | L59: =L57-L44 -> 0 | ... AM59: =AM57-AM44 -> 0
B60: Levered Free Cash Flow ($) — With Grant | C60: =-'User Inputs'!$D$113 -> 0 | D60: =0 -> 0 | E60: =E58-E44 -> 0 | F60: =F58-F44 -> 0 | G60: =G58-G44 -> 0 | H60: =H58-H44 -> 0 | I60: =I58-I44 -> 0 | J60: =J58-J44 -> 0 | K60: =K58-K44 -> 0 | L60: =L58-L44 -> 0 | ... AM60: =AM58-AM44 -> 0
B61: DSCR (x) — Without Grant | C61: =0 -> 0 | D61: =0 -> 0 | E61: =IF(E44>0,(E36-E46)/E44,0) -> 0 | F61: =IF(F44>0,(F36-F46)/F44,0) -> 0 | G61: =IF(G44>0,(G36-G46)/G44,0) -> 0 | H61: =IF(H44>0,(H36-H46)/H44,0) -> 0 | I61: =IF(I44>0,(I36-I46)/I44,0) -> 0 | J61: =IF(J44>0,(J36-J46)/J44,0) -> 0 | K61: =IF(K44>0,(K36-K46)/K44,0) -> 0 | L61: =IF(L44>0,(L36-L46)/L44,0) -> 0 | ... AM61: =IF(AM44>0,(AM36-AM46)/AM44,0) -> 0
B62: DSCR (x) — With Grant | C62: =0 -> 0 | D62: =0 -> 0 | E62: =IF(E44>0,(E36-E48)/E44,0) -> 0 | F62: =IF(F44>0,(F36-F48)/F44,0) -> 0 | G62: =IF(G44>0,(G36-G48)/G44,0) -> 0 | H62: =IF(H44>0,(H36-H48)/H44,0) -> 0 | I62: =IF(I44>0,(I36-I48)/I44,0) -> 0 | J62: =IF(J44>0,(J36-J48)/J44,0) -> 0 | K62: =IF(K44>0,(K36-K48)/K44,0) -> 0 | L62: =IF(L44>0,(L36-L48)/L44,0) -> 0 | ... AM62: =IF(AM44>0,(AM36-AM48)/AM44,0) -> 0
B63: Year-0/Year-N Grant Cash Adjustment ($) | C63: =0 -> 0 | D63: =0 -> 0 | E63: =E54 -> 0 | F63: =F54 -> 0 | G63: =G54 -> 0 | H63: =H54 -> 0 | I63: =I54 -> 0 | J63: =J54 -> 0 | K63: =K54 -> 0 | L63: =L54 -> 0 | ... AM63: =AM54 -> 0

Sheet Summary
B3: PROJECT RETURNS — WITH AND WITHOUT GRANT This worksheet is auto-calculated. No user inputs are expected.
B5: Metric | C5: Without Grant | D5: With Grant
B6: Equity IRR | C6: =IFERROR(IRR('Cash Flow'!C59:AM59),0) -> 0 | D6: =IFERROR(IRR('Cash Flow'!C60:AM60),0) -> 0
B7: Unlevered Project IRR | C7: =IFERROR(IRR('Cash Flow'!C57:AM57),0) -> 0 | D7: =IFERROR(IRR('Cash Flow'!C58:AM58),0) -> 0
B8: Minimum Annual DSCR | C8: {=IFERROR(MIN(_xlfn._xlws.FILTER('Cash Flow'!E61:AM61, 'Cash Flow'!E44:AM44>0)),0)} -> 0 | D8: {=IFERROR(MIN(_xlfn._xlws.FILTER('Cash Flow'!E62:AM62, 'Cash Flow'!E44:AM44>0)),0)} -> 0
B9: Average DSCR (Debt Term) | C9: {=IFERROR(AVERAGE(_xlfn._xlws.FILTER('Cash Flow'!E61:AM61, 'Cash Flow'!E44:AM44>0)),0)} -> 0 | D9: {=IFERROR(AVERAGE(_xlfn._xlws.FILTER('Cash Flow'!E62:AM62, 'Cash Flow'!E44:AM44>0)),0)} -> 0
B10: Total Equity Invested | C10: ='User Inputs'!$D$113 -> 0 | D10: ='User Inputs'!$D$113 -> 0
B11: Total Debt | C11: ='User Inputs'!$B$113 -> 0 | D11: ='User Inputs'!$B$113 -> 0
B12: Federal Tax Credit Value ($) | C12: =SUM('Cash Flow'!C50:AM50)+SUM('Cash Flow'!C52:AM52) -> 0 | D12: =SUM('Cash Flow'!C51:AM51)+SUM('Cash Flow'!C53:AM53) -> 0
B13: Grant Cash Proceeds ($) | C13: =0 -> 0 | D13: =SUM('Cash Flow'!C54:AM54) -> 0
B14: Year-1 Total Revenue | C14: ='Cash Flow'!E25 -> 0 | D14: ='Cash Flow'!E25 -> 0
B15: Year-1 Energy + REC Revenue | C15: =SUM('Cash Flow'!E11:E13) -> 0 | D15: =SUM('Cash Flow'!E11:E13) -> 0
B16: Year-1 Solar Capacity Revenue | C16: ='Cash Flow'!E14 -> 0 | D16: ='Cash Flow'!E14 -> 0
B17: Year-1 Storage Capacity Revenue | C17: ='Cash Flow'!E20 | D17: ='Cash Flow'!E20
B18: Year-1 Arbitrage Revenue | C18: ='Cash Flow'!E21 | D18: ='Cash Flow'!E21
B19: Year-1 Ancillary Revenue | C19: ='Cash Flow'!E22 | D19: ='Cash Flow'!E22
B20: Year-1 Total Operating Costs ($) | C20: ='Cash Flow'!E35 -> 0 | D20: ='Cash Flow'!E35 -> 0
B21: Year-1 EBITDA ($) | C21: ='Cash Flow'!E36 -> 0 | D21: ='Cash Flow'!E36 -> 0
B22: Undiscounted Lifetime Net Cost ($/MWh) | C22: =IF('User Inputs'!$H$8="","",IF('User Inputs'!$F$8="Storage","N/A",IFERROR(('User Inputs'!$D$111+SUM('Cash Flow'!$E$35:$AM$35)-'User Inputs'!$F$111-SUM('Cash Flow'!$E$52:$AM$52))/'User Inputs'!$H$104,"N/A"))) | D22: =IF('User Inputs'!$H$8="","",IF('User Inputs'!$F$8="Storage","N/A",IFERROR(('User Inputs'!$D$111+SUM('Cash Flow'!$E$35:$AM$35)-'User Inputs'!$F$111-SUM('Cash Flow'!$E$53:$AM$53)-SUM('Cash Flow'!$E$54:$AM$54))/'User Inputs'!$H$104,"N/A")))
B23: Payback Period (Unlevered) | C23: {=IFERROR(MATCH(TRUE, _xlfn.SCAN(0,'Cash Flow'!C57:AM57,_xlfn.LAMBDA(_xlpm.a,_xlpm.b,_xlpm.a+_xlpm.b))>=0,0)-1, "Not Recovered")} -> 0 | D23: {=IFERROR(MATCH(TRUE, _xlfn.SCAN(0,'Cash Flow'!C58:AM58,_xlfn.LAMBDA(_xlpm.a,_xlpm.b,_xlpm.a+_xlpm.b))>=0,0)-1, "Not Recovered")} -> 0
B25: Annual Debt Service Coverage Ratios
B26: Operating Year | C26: ='Cash Flow'!E$6 -> 1 | D26: ='Cash Flow'!F$6 -> 2 | E26: ='Cash Flow'!G$6 -> 3 | F26: ='Cash Flow'!H$6 -> 4 | G26: ='Cash Flow'!I$6 -> 5 | H26: ='Cash Flow'!J$6 -> 6 | I26: ='Cash Flow'!K$6 -> 7 | J26: ='Cash Flow'!L$6 -> 8 | ... AK26: ='Cash Flow'!AM$6 -> 35
B27: DSCR Without Grant | C27: ='Cash Flow'!E$61 -> 0 | D27: ='Cash Flow'!F$61 -> 0 | E27: ='Cash Flow'!G$61 -> 0 | F27: ='Cash Flow'!H$61 -> 0 | G27: ='Cash Flow'!I$61 -> 0 | H27: ='Cash Flow'!J$61 -> 0 | I27: ='Cash Flow'!K$61 -> 0 | J27: ='Cash Flow'!L$61 -> 0 | ... AK27: ='Cash Flow'!AM$61 -> 0
B28: DSCR With Grant | C28: ='Cash Flow'!E$62 -> 0 | D28: ='Cash Flow'!F$62 -> 0 | E28: ='Cash Flow'!G$62 -> 0 | F28: ='Cash Flow'!H$62 -> 0 | G28: ='Cash Flow'!I$62 -> 0 | H28: ='Cash Flow'!J$62 -> 0 | I28: ='Cash Flow'!K$62 -> 0 | J28: ='Cash Flow'!L$62 -> 0 | ... AK28: ='Cash Flow'!AM$62 -> 0

Sheet Depreciation Schedule
C3: Depreciation Support Schedule This worksheet is auto-calculated. No user inputs are expected.
B4: Depreciation Method | C4: ='User Inputs'!$D$97 -> 0 | E4: Depreciable Basis ($) | F4: ='User Inputs'!$H$111 -> 0 | I4: =IF(MAX(ABS($H$41),ABS($I$41))<1,"PASS","REVIEW") -> PASS
B5: Operating Year | C5: Depreciation Rate | D5: Calculated Depreciation – Without Grant | E5: Calculated Depreciation – With Grant | F5: Cash Flow Depreciation – Without Grant | G5: Cash Flow Depreciation – With Grant | H5: Difference – Without Grant | I5: Difference – With Grant
B6: {=INDEX('Cash Flow'!$E$6:$AM$6,1,ROWS($B$6:B6))} -> 1 | C6: =IF(B6>'User Inputs'!$F$19,0,IF($C$4="Straight-line",1/'User Inputs'!$F$19,IF(AND(B6>=1,B6<=6),CHOOSE(B6,20%,32%,19.2%,11.52%,11.52%,5.76%),0))) -> 0.2 | D6: =$F$4*C6 -> 0 | E6: =$F$4*C6 -> 0 | F6: {=INDEX('Cash Flow'!$E$39:$AM$39,1,ROWS($B$6:B6))} -> 0 | G6: {=INDEX('Cash Flow'!$E$40:$AM$40,1,ROWS($B$6:B6))} -> 0 | H6: =D6-F6 -> 0 | I6: =E6-G6 -> 0
B7: {=INDEX('Cash Flow'!$E$6:$AM$6,1,ROWS($B$6:B7))} -> 2 | C7: =IF(B7>'User Inputs'!$F$19,0,IF($C$4="Straight-line",1/'User Inputs'!$F$19,IF(AND(B7>=1,B7<=6),CHOOSE(B7,20%,32%,19.2%,11.52%,11.52%,5.76%),0))) -> 0.32 | D7: =$F$4*C7 -> 0 | E7: =$F$4*C7 -> 0 | F7: {=INDEX('Cash Flow'!$E$39:$AM$39,1,ROWS($B$6:B7))} -> 0 | G7: {=INDEX('Cash Flow'!$E$40:$AM$40,1,ROWS($B$6:B7))} -> 0 | H7: =D7-F7 -> 0 | I7: =E7-G7 -> 0
B8: {=INDEX('Cash Flow'!$E$6:$AM$6,1,ROWS($B$6:B8))} -> 3 | C8: =IF(B8>'User Inputs'!$F$19,0,IF($C$4="Straight-line",1/'User Inputs'!$F$19,IF(AND(B8>=1,B8<=6),CHOOSE(B8,20%,32%,19.2%,11.52%,11.52%,5.76%),0))) -> 0.192 | D8: =$F$4*C8 -> 0 | E8: =$F$4*C8 -> 0 | F8: {=INDEX('Cash Flow'!$E$39:$AM$39,1,ROWS($B$6:B8))} -> 0 | G8: {=INDEX('Cash Flow'!$E$40:$AM$40,1,ROWS($B$6:B8))} -> 0 | H8: =D8-F8 -> 0 | I8: =E8-G8 -> 0
B9: {=INDEX('Cash Flow'!$E$6:$AM$6,1,ROWS($B$6:B9))} -> 4 | C9: =IF(B9>'User Inputs'!$F$19,0,IF($C$4="Straight-line",1/'User Inputs'!$F$19,IF(AND(B9>=1,B9<=6),CHOOSE(B9,20%,32%,19.2%,11.52%,11.52%,5.76%),0))) -> 0.1152 | D9: =$F$4*C9 -> 0 | E9: =$F$4*C9 -> 0 | F9: {=INDEX('Cash Flow'!$E$39:$AM$39,1,ROWS($B$6:B9))} -> 0 | G9: {=INDEX('Cash Flow'!$E$40:$AM$40,1,ROWS($B$6:B9))} -> 0 | H9: =D9-F9 -> 0 | I9: =E9-G9 -> 0
B10: {=INDEX('Cash Flow'!$E$6:$AM$6,1,ROWS($B$6:B10))} -> 5 | C10: =IF(B10>'User Inputs'!$F$19,0,IF($C$4="Straight-line",1/'User Inputs'!$F$19,IF(AND(B10>=1,B10<=6),CHOOSE(B10,20%,32%,19.2%,11.52%,11.52%,5.76%),0))) -> 0.1152 | D10: =$F$4*C10 -> 0 | E10: =$F$4*C10 -> 0 | F10: {=INDEX('Cash Flow'!$E$39:$AM$39,1,ROWS($B$6:B10))} -> 0 | G10: {=INDEX('Cash Flow'!$E$40:$AM$40,1,ROWS($B$6:B10))} -> 0 | H10: =D10-F10 -> 0 | I10: =E10-G10 -> 0
B11: {=INDEX('Cash Flow'!$E$6:$AM$6,1,ROWS($B$6:B11))} -> 6 | C11: =IF(B11>'User Inputs'!$F$19,0,IF($C$4="Straight-line",1/'User Inputs'!$F$19,IF(AND(B11>=1,B11<=6),CHOOSE(B11,20%,32%,19.2%,11.52%,11.52%,5.76%),0))) -> 0.0576 | D11: =$F$4*C11 -> 0 | E11: =$F$4*C11 -> 0 | F11: {=INDEX('Cash Flow'!$E$39:$AM$39,1,ROWS($B$6:B11))} -> 0 | G11: {=INDEX('Cash Flow'!$E$40:$AM$40,1,ROWS($B$6:B11))} -> 0 | H11: =D11-F11 -> 0 | I11: =E11-G11 -> 0
B12: {=INDEX('Cash Flow'!$E$6:$AM$6,1,ROWS($B$6:B12))} -> 7 | C12: =IF(B12>'User Inputs'!$F$19,0,IF($C$4="Straight-line",1/'User Inputs'!$F$19,IF(AND(B12>=1,B12<=6),CHOOSE(B12,20%,32%,19.2%,11.52%,11.52%,5.76%),0))) -> 0 | D12: =$F$4*C12 -> 0 | E12: =$F$4*C12 -> 0 | F12: {=INDEX('Cash Flow'!$E$39:$AM$39,1,ROWS($B$6:B12))} -> 0 | G12: {=INDEX('Cash Flow'!$E$40:$AM$40,1,ROWS($B$6:B12))} -> 0 | H12: =D12-F12 -> 0 | I12: =E12-G12 -> 0
B13: {=INDEX('Cash Flow'!$E$6:$AM$6,1,ROWS($B$6:B13))} -> 8 | C13: =IF(B13>'User Inputs'!$F$19,0,IF($C$4="Straight-line",1/'User Inputs'!$F$19,IF(AND(B13>=1,B13<=6),CHOOSE(B13,20%,32%,19.2%,11.52%,11.52%,5.76%),0))) -> 0 | D13: =$F$4*C13 -> 0 | E13: =$F$4*C13 -> 0 | F13: {=INDEX('Cash Flow'!$E$39:$AM$39,1,ROWS($B$6:B13))} -> 0 | G13: {=INDEX('Cash Flow'!$E$40:$AM$40,1,ROWS($B$6:B13))} -> 0 | H13: =D13-F13 -> 0 | I13: =E13-G13 -> 0
B14: {=INDEX('Cash Flow'!$E$6:$AM$6,1,ROWS($B$6:B14))} -> 9 | C14: =IF(B14>'User Inputs'!$F$19,0,IF($C$4="Straight-line",1/'User Inputs'!$F$19,IF(AND(B14>=1,B14<=6),CHOOSE(B14,20%,32%,19.2%,11.52%,11.52%,5.76%),0))) -> 0 | D14: =$F$4*C14 -> 0 | E14: =$F$4*C14 -> 0 | F14: {=INDEX('Cash Flow'!$E$39:$AM$39,1,ROWS($B$6:B14))} -> 0 | G14: {=INDEX('Cash Flow'!$E$40:$AM$40,1,ROWS($B$6:B14))} -> 0 | H14: =D14-F14 -> 0 | I14: =E14-G14 -> 0
B15: {=INDEX('Cash Flow'!$E$6:$AM$6,1,ROWS($B$6:B15))} -> 10 | C15: =IF(B15>'User Inputs'!$F$19,0,IF($C$4="Straight-line",1/'User Inputs'!$F$19,IF(AND(B15>=1,B15<=6),CHOOSE(B15,20%,32%,19.2%,11.52%,11.52%,5.76%),0))) -> 0 | D15: =$F$4*C15 -> 0 | E15: =$F$4*C15 -> 0 | F15: {=INDEX('Cash Flow'!$E$39:$AM$39,1,ROWS($B$6:B15))} -> 0 | G15: {=INDEX('Cash Flow'!$E$40:$AM$40,1,ROWS($B$6:B15))} -> 0 | H15: =D15-F15 -> 0 | I15: =E15-G15 -> 0
B16: {=INDEX('Cash Flow'!$E$6:$AM$6,1,ROWS($B$6:B16))} -> 11 | C16: =IF(B16>'User Inputs'!$F$19,0,IF($C$4="Straight-line",1/'User Inputs'!$F$19,IF(AND(B16>=1,B16<=6),CHOOSE(B16,20%,32%,19.2%,11.52%,11.52%,5.76%),0))) -> 0 | D16: =$F$4*C16 -> 0 | E16: =$F$4*C16 -> 0 | F16: {=INDEX('Cash Flow'!$E$39:$AM$39,1,ROWS($B$6:B16))} -> 0 | G16: {=INDEX('Cash Flow'!$E$40:$AM$40,1,ROWS($B$6:B16))} -> 0 | H16: =D16-F16 -> 0 | I16: =E16-G16 -> 0
B17: {=INDEX('Cash Flow'!$E$6:$AM$6,1,ROWS($B$6:B17))} -> 12 | C17: =IF(B17>'User Inputs'!$F$19,0,IF($C$4="Straight-line",1/'User Inputs'!$F$19,IF(AND(B17>=1,B17<=6),CHOOSE(B17,20%,32%,19.2%,11.52%,11.52%,5.76%),0))) -> 0 | D17: =$F$4*C17 -> 0 | E17: =$F$4*C17 -> 0 | F17: {=INDEX('Cash Flow'!$E$39:$AM$39,1,ROWS($B$6:B17))} -> 0 | G17: {=INDEX('Cash Flow'!$E$40:$AM$40,1,ROWS($B$6:B17))} -> 0 | H17: =D17-F17 -> 0 | I17: =E17-G17 -> 0
... B40: {=INDEX('Cash Flow'!$E$6:$AM$6,1,ROWS($B$6:B40))} -> 35 | C40: =IF(B40>'User Inputs'!$F$19,0,IF($C$4="Straight-line",1/'User Inputs'!$F$19,IF(AND(B40>=1,B40<=6),CHOOSE(B40,20%,32%,19.2%,11.52%,11.52%,5.76%),0))) -> 0 | D40: =$F$4*C40 -> 0 | E40: =$F$4*C40 -> 0 | F40: {=INDEX('Cash Flow'!$E$39:$AM$39,1,ROWS($B$6:B40))} -> 0 | G40: {=INDEX('Cash Flow'!$E$40:$AM$40,1,ROWS($B$6:B40))} -> 0 | H40: =D40-F40 -> 0 | I40: =E40-G40 -> 0
C41: =SUM($C$6:$C$40) -> 1 | D41: =SUM($D$6:$D$40) -> 0 | E41: =SUM($E$6:$E$40) -> 0 | F41: =SUM($F$6:$F$40) -> 0 | G41: =SUM($G$6:$G$40) -> 0 | H41: =SUM($H$6:$H$40) -> 0 | I41: =SUM($I$6:$I$40) -> 0

Sheet Dev Notes
B2: Dev Notes This tab is for internal use only. It is hidden from Applicants.
B3: Type of Project | E3: Project Type Selection | H3: =AND( 'User Inputs'!$F$8<>"", 'User Inputs'!$B$17<>"", 'User Inputs'!$D$17<>"", IF('User Inputs'!$F$8="Storage", 'User Inputs'!$B$17="Battery Storage", AND( OR('User Inputs'!$F$8="Tier 1 RE", 'User Inputs'!$F$8="TIER 1 RE + Storage"), 'User Inputs'!$B$17<>"Battery Storage" )), IFERROR(COUNTIF( INDIRECT(SUBSTITUTE(SUBSTITUTE('User Inputs'!$B$17," ","_"),"-","_")), 'User Inputs'!$D$17),0)>0 ) -> FALSE
B4: Solar PV | E4: Tier 1 RE
B5: Solar Thermal | E5: Storage
B6: Wind | E6: TIER 1 RE + Storage
B7: Hydro
B8: Fuel Cell
B9: Methane-from-Waste
B10: Wastewater-to-Heat
B11: Poultry Litter-to-Energy
B12: Biomass
B13: Geothermal
B14: Ocean
B15: Battery Storage
B18: Battery Technology | C18: Lifetime (years) | D18: Degradation Rate (%/yr) | G18: PJM Zone | H18: Transmission Owner / Utility | I18: Geographic Area
B19: Li-Ion LFP | C19: 16 | D19: 0.030417 | G19: AECO | H19: Atlantic City Electric | I19: Southern New Jersey
B20: Li-Ion NMC | C20: 13 | D20: 0.048026 | G20: AEP | H20: American Electric Power | I20: Ohio, Indiana, Michigan, Kentucky, Virginia, West Virginia, Tennessee
B21: Lead Acid | C21: 14 | D21: 0.061647 | G21: APS | H21: Allegheny Power | I21: Pennsylvania, Maryland, West Virginia, Virginia
B22: Zinc | C22: 12 | D22: 0.013905 | G22: ATSI | H22: American Transmission Systems, Inc. (FirstEnergy) | I22: Ohio and western Pennsylvania
B23: Vanadium Redox Flow | C23: 12 | D23: 0.019797 | G23: BGE | H23: Baltimore Gas and Electric | I23: Maryland
B24: Pumped Storage Hydropower (PSH) | C24: 60 | D24: 0 | G24: COMED | H24: Commonwealth Edison | I24: Northern Illinois (including Chicago)
B25: Other | C25: 0 | D25: - | G25: DAY | H25: Dayton (AES Ohio) | I25: Ohio
G26: DEOK | H26: Duke Energy Ohio and Kentucky | I26: Ohio and Kentucky
G27: DOM | H27: Dominion Energy | I27: Virginia and northeastern North Carolina
B28: Solar PV Technology | C28: Lifetime (years) | D28: Degradation Rate (%/yr) | G28: DPL | H28: Delmarva Power | I28: Delaware and Maryland's Eastern Shore
B29: n-type mono (Conventional) | C29: 30 | D29: 0.005 | G29: DUQ | H29: Duquesne Light | I29: Pittsburgh area, Pennsylvania
B30: p-type mono PERC | C30: 30 | D30: 0.0069 | G30: EKPC | H30: East Kentucky Power Cooperative | I30: Kentucky
B31: Heterojunction (HJT/SHJ) | C31: 30 | D31: 0.0051 | G31: JCPL | H31: Jersey Central Power & Light | I31: New Jersey
B32: Back-contact (IBC) | C32: 30 | D32: 0.0079 | G32: METED | H32: Metropolitan Edison | I32: Eastern Pennsylvania
B33: CdTe thin film | C33: 30 | D33: 0.0061 | G33: OVEC | H33: Ohio Valley Electric Corporation | I33: Indiana, Kentucky, Ohio
B34: Multi-Si Al-BSF | C34: 30 | D34: 0.0074 | G34: PECO | H34: PECO Energy | I34: Philadelphia area, Pennsylvania
B35: Other | C35: - | D35: - | G35: PENELEC | H35: Pennsylvania Electric | I35: Central and western Pennsylvania
G36: PEPCO | H36: Potomac Electric Power | I36: Washington, D.C., and Maryland
G37: PPL | H37: PPL Electric Utilities | I37: Eastern and central Pennsylvania
B38: Wind Technology | C38: Lifetime (years) | D38: Degradation Rate (%/yr) | G38: PSEG | H38: Public Service Electric and Gas | I38: Northern and central New Jersey
B39: Land-based, geared drivetrain | C39: 30 | D39: 0.0017 | G39: RECO | H39: Rockland Electric | I39: Northern New Jersey
B40: Land-based, direct-drive | C40: 30 | D40: 0.0017
B41: Other | C41: - | D41: -
B44: Hydro | C44: Lifetime | D44: Degradation Rate (%) | G44: Eligible for IRA Tax Credits?
B45: Hydro | C45: 100 | D45: - | G45: Yes - Generation and/or Storage
B46: Other | C46: - | D46: - | G46: Storage Only
G47: No
B48: Fuel Cell | C48: Lifetime | D48: Degradation Rate (%)
B49: Fuel Cell | C49: 20 | D49: -
B50: Other | C50: - | D50: - | G50: Generation Tax Credit Election
G51: ITC | H51: ITC
B52: Methane-from-Waste | C52: Lifetime | D52: Degradation Rate (%) | H52: PTC
B53: Methane-from-Waste | C53: 15 | D53: -
B54: Other | C54: - | D54: -
B56: Wastewater-to-Heat | C56: Lifetime | D56: Degradation Rate (%)
B57: Wastewater-to-Heat | C57: 25 | D57: -
B58: Other | C58: - | D58: -
B60: Poultry Litter-to-Energy | C60: Lifetime | D60: Degradation Rate (%)
B61: Poultry Litter-to-Energy | C61: 25 | D61: -
B62: Other | C62: - | D62: -
B64: Biomass | C64: Lifetime | D64: Degradation Rate (%)
B65: Biomass | C65: 45 | D65: -
B66: Other | C66: - | D66: -
B68: Geothermal | C68: Lifetime | D68: Degradation Rate (%)
B69: Geothermal | C69: 30 | D69: -
B70: Other | C70: - | D70: -
B72: Ocean | C72: Lifetime | D72: Degradation Rate (%)
B73: Ocean | C73: 25 | D73: -
B74: Other | C74: - | D74: -
B76: Solar Thermal | C76: Lifetime | D76: Degradation Rate (%)
B77: Solar Thermal | C77: 30 | D77: -
B78: Other | C78: - | D78: -
B83: Formatting Notes
B84: Font | C84: Aptos
B85: Column headings in sections | C85: size 16, Bold
B86: field names | C86: size 14
B87: User inputs | C87: size 18, navy blue on yellow background
B88: Auto-calculated fields | C88: size 18, dark blue on gray
B89: Text in cells | C89: Left indent, 1
B90: Border Colors | C90: #A6A6A6 for bounding boxes -- external borders (only)
B91: Border Colors | C91: #D9D9D9 for internal borders
